Workbook
Name \0: #REF!
Name \0: #REF!
Name \0: #REF!
Name \0: #REF!
Name \0: #REF!
Name \0: #REF!
Name \0: #REF!
Name \0: #REF!
Name \0: #REF!
Name \0: #REF!
Name \0: #REF!
Name \0: #REF!
Name \0: #REF!
Name \0: #REF!
Name \0: #REF!
Name \0: #REF!
Name \0: #REF!
Name \0: #REF!
Name \0: #REF!
Name \0: #REF!
Name \0: #REF!
Name \0: #REF!
Name \0: #REF!
Name \0: #REF!
Name \0: #REF!
Name \0: #REF!
Name \0: #REF!
Name \0: #REF!
Name \0: #REF!
Name \0: #REF!
Name \0: #REF!
Name \0: #REF!
Name \00: #REF!
Name \00: #REF!
Name \00: #REF!
Name \00: #REF!
Name \00: #REF!
Name \00: #REF!
Name \00: #REF!
Name \00: #REF!
Name \00: #REF!
Name \00: #REF!
Name \00: #REF!
Name \00: #REF!
Name \00: #REF!
Name \00: #REF!
Name \00: #REF!
Name \00: #REF!
Name \00: #REF!
Name \00: #REF!
Name \00: #REF!
Name \00: #REF!
Name \00: #REF!
Name \00: #REF!
Name \00: #REF!
Name \00: #REF!
Name \00: #REF!
Name \00: #REF!
Name \00: #REF!
Name \00: #REF!

Sheet PRESUPUESTO OFICIAL (Entidad)
B1: Formulario 1 - Propuesta económica - Documento tipo de selección abreviada de menor cuantía - versión 1
B2: Versión: 1 de 21 de agosto de 2025
C5: FORMULARIO 1
C6: PRESUPUESTO OFICIAL
C7: [La entidad puede utilizar este formulario de detalle del presupuesto oficial para determinar las condiciones bajo las cuales los proponentes analizarán y presentarán su propuesta económica de forma detallada, sin perjuicio que la entidad pueda modificarlo o establecer la presentación de la oferta económica con un formulario distinto al indicado.]
C9: Adicionalmente, cuando el proceso de contratación es estructurado por precios unitarios, la Entidad debe aplicar las notas 1, 2 y 3 del presente formulario y las casillas de "Descripción", "Porcentaje" de la Administración, Imprevisto, Utilidad y total A.I.U. resaltadas en colo amarillo. Tratándose de otras modalidades de precio, la Entidad puede o no configurar los mismos aspectos.
C11: Nº | D11: ÍTEM DE PAGO | E11: ESPECIFICACIONES | G11: DESCRIPCIÓN | H11: UND. | I11: CANTIDAD | J11: VALOR UNITARIO | K11: VALOR TOTAL
E12: GENERAL | F12: PARTICULAR
D13: 1 | G13: PRELIMINARES
D14: 1.01 | G14: LOCALIZACION Y REPLANTEO | H14: M2 | I14: 539.52 | J14: =+'1,01'!O68 -> 9360.9 | K14: =+ROUND(I14*J14,2) -> 5050392.8
D15: 1.02 | G15: DEMOLICION DE PLACA DE PISO EN CONCRETO | H15: M2 | I15: 65.22 | J15: =+'1,02'!O67 -> 46710 | K15: =+ROUND(I15*J15,2) -> 3046426.2
C16: Subtotal | K16: =SUM(K14:K15) -> 8096819
D17: 2 | G17: CIMENTACION
D18: 2.01 | G18: EXCAVACION MANUAL DE MATERIAL COMUN | H18: M3 | I18: 47.27 | J18: =+'2,01'!O67 -> 155834.55 | K18: =+ROUND(I18*J18,2) -> 7366299.2
D19: 2.02 | G19: RELLENO EN BASE GRANULAR COMPACTADO | H19: M3 | I19: 18.69 | J19: =+'2,02'!O67 -> 194832 | K19: =+ROUND(I19*J19,2) -> 3641410.1
D20: 2.03 | G20: CONCRETO DE 1500 PSI DE SANEAMIENTO | H20: M3 | I20: 0.59 | J20: =+'2,03'!O67 -> 1129121.1 | K20: =+ROUND(I20*J20,2) -> 666181.45
D21: 2.04 | G21: CONCRETO DE 3000 PSI PARA ZAPATAS | H21: M3 | I21: 4.14 | J21: =+'2,04'!O68 -> 1738914.8 | K21: =+ROUND(I21*J21,2) -> 7199107.1
D22: 2.05 | G22: PEDESTAL EN CONCRETO INCLUYE FORMALETA | H22: M3 | I22: 1.33 | J22: =+'2,05'!O67 -> 1759391.6 | K22: =+ROUND(I22*J22,2) -> 2339990.8
D23: 2.06 | G23: VIGA DE AMARRE DE CIMENTACION EN CONCRETO DE 21 MPA | H23: ML | I23: 39.42 | J23: =+'2,06'!O67 -> 165862.35 | K23: =+ROUNDDOWN(I23*J23,2) -> 6538293.8
D24: 2.07 | G24: REFUERZO FY= 2400 KG/CM2 (INCLUYE ALAMBRE NEGRO, FIGURACION Y TRANSCIEGO) | H24: KG | I24: 948.46861 | J24: =+'2,07'!O67 -> 18702.9 | K24: =+ROUNDDOWN(I24*J24,2) -> 17739114
D25: 2.08 | G25: RELLENO CON MATERIAL SELECCIONADO PROVENIENTE DE LA MISMA EXCAVACION COMPACTADO | H25: M3 | I25: 12.63 | J25: =+'2,08'!O67 -> 58050 | K25: =+ROUNDDOWN(I25*J25,2) -> 733171.5
D26: 2.09 | G26: RETIRO DE SOBRANTES DE CONSTRUCCION (CON ACARREO INTERNO) | H26: M3 | I26: 50.59 | J26: =+'2,09'!O67 -> 80460 | K26: =+ROUNDDOWN(I26*J26,2) -> 4070471.4
D27: 2.1 | G27: PAGO ESCOMBRERA POR GENERACION | H27: M3 | I27: 74.16 | J27: =+'2,1'!O67 -> 33752.7 | K27: =+ROUNDDOWN(I27*J27,2) -> 2503100.2
D28: 2.11 | G28: PAGO ESCOMBRERA POR DISPOSICION | H28: M3 | I28: 50.59 | J28: =+'2,11'!O67 -> 33752.7 | K28: =+ROUNDDOWN(I28*J28,2) -> 1707549.1
C29: Subtotal | K29: =SUM(K18:K28) -> 54504688
D30: 3 | G30: PISOS EN CONCRETO
D31: 3.01 | G31: PISO EN CONCRETO DE 21 MPA PULIDO e=.10 MT (MALLA ELECTROSOLDADA) | H31: M2 | I31: 10 | J31: =+'3,01'!O70 -> 258651.9 | K31: =+ROUND(I31*J31,2) -> 2586519
D32: 3.02 | G32: ANTEPISO EN CONCRETO DE 21 MPA e= .07 MT | H32: M2 | I32: 10 | J32: =+'3,02'!O67 -> 109980.45 | K32: =+ROUND(I32*J32,2) -> 1099804.5
C33: Subtotal | K33: =SUM(K31:K32) -> 3686323.5
D34: 4 | G34: CUBIERTA METALICA
D35: 4.01 | G35: PLATINA ANCLAJES PISO DE 35*35 CMS POR 3/8" | H35: UND | I35: 10 | J35: =+'4,01'!O70 -> 593685.45 | K35: =+ROUND(I35*J35,2) -> 5936854.5
D36: 4.02 | G36: COLUMNA EN PERFIL TUBULAR DE 200*200* 5 mm SEGÚN DISEÑO ESTRUCTURAL, INCLUYE ANCLAJES CONTRAVIENTOS | H36: KG | I36: 3703.03 | J36: =+'4,02'!O75 -> 32400 | K36: =+ROUND(I36*J36,2) -> 119978172
D37: 4.03 | G37: ESTRUCTURA METALICA EN ANGULOS SEGÚN DISEÑO ESTRUCUTURAL, INCLUYE ANCLAJES CONTRAVIENTOS, TENSORES, SOLDADURA Y TRASIEGO | H37: KG | I37: 4649.82 | J37: =+'4,03'!O74 -> 32400 | K37: =+ROUND(I37*J37,2) -> 150654168
D38: 4.04 | G38: CORREAS TIPO PHR 100*50*2.5 mm INCLUYE ANCLAJE , PLATINA , SOLDADURA Y TRASIEGO | H38: ML | I38: 477 | J38: =+'4,04'!O67 -> 118800 | K38: =+ROUND(I38*J38,2) -> 56667600
D39: 4.05 | G39: PINTURA DE PROTECCION Y ACABADO DE ESTRUCTURA | H39: M2 | I39: 378.89 | J39: =+'4,05'!O68 -> 47228.4 | K39: =+ROUND(I39*J39,2) -> 17894368
D40: 4.06 | G40: SUMINISTRO E INSTALACION DE LAMINA THERMOACUSTICA FIBROCARBONO BLANCO | H40: M2 | I40: 451.56 | J40: =+'4,06'!O67 -> 151200 | K40: =+ROUND(I40*J40,2) -> 68275872
C41: Subtotal | K41: =SUM(K35:K40) -> 4.1940703e+08
D42: 5 | G42: INSTALACION HIDRUALICAS
D43: 5.01 | G43: CANAL DE LAMINA GALVANIZADA CAL 20 DESARROLLO >200<250 CMS INCLUYE SOPORTES Y/O ANCLAJES Y PINTURA EN ANTICORROSIVO | H43: ML | I43: 53 | J43: =+'5,01'!O71 -> 187713.45 | K43: =+ROUND(I43*J43,2) -> 9948812.8
D44: 5.02 | G44: BAJANTE DE AGUAS LLUVIAS PVC d=3 PULG | H44: ML | I44: 139.2 | J44: =+'5,02'!O71 -> 57901.5 | K44: =+ROUND(I44*J44,2) -> 8059888.8
D45: 5.03 | G45: TUBERIA PVC SANITARIA DE 6 PULGADAS | H45: ML | I45: 34.460038 | J45: =+'5,03'!O71 -> 145800 | K45: =+ROUND(I45*J45,2) -> 5024273.5
D46: 5.04 | G46: CAJA DE INSPECCION DE 60*60*80 CON TAPA EN MARCO METALICO EN ANGULO REFORZADA CON VARILLA DE 3/8" CON PAÑETE | H46: UND | I46: 3 | J46: =+'5,04'!O69 -> 720258.75 | K46: =+ROUNDDOWN(I46*J46,2) -> 2160776.2
C47: Subtotal | K47: =SUM(K43:K46) -> 25193751
C48: SUBTOTAL OBRAS | K48: =SUM(K14:K47)/2 -> 510888617
G53: SUBTOTAL OBRAS (INCLUYE IVA) | K53: 0
G57: VALOR TOTAL | K57: =+K53+K48 -> 510888617
C60: NOTA 1: Se debe tener en cuenta que el PRECIO UNITARIO incluye el valor de AIU. | H60: DESCRIPCION | K60: PORCENTAJE
C61: NOTA 2: Cuando la fracción decimal del peso sea igual o superior a 5 se aproximará por exceso al número entero siguiente del peso y cuando la fracción decimal del peso sea inferior a 5 se aproximará por defecto al número entero del peso. | H61: ADMINISTRACIÓN | J61: A= | K61: 0.3
C62: NOTA 3: El AIU y su discriminación deben estar en porcentaje (%). | H62: IMPREVISTO | J62: I= | K62: 0
H63: UTILIDAD | J63: U= | K63: 0.05
H64: TOTAL A.I.U | J64: A.I.U.= | K64: 0.35

Sheet PROPUESTA ECONOMICA(Proponente)
B1: Formulario 1 - Propuesta económica - Documento tipo de selección abreviada de menor cuantía - versión 1
B2: Versión: 1 de 21 de agosto de 2025
C5: FORMULARIO 1
C6: PROPUESTA ECONÓMICA
C7: [ El Proponente puede usar el presente formulario de presentación para determinar su propuesta económica conforme al Formulario 1 - Presupuesto Oficial por la Entidad]
C9: Cuando el proceso de contratación es estructurado por Precios Unitarios, la Entidad debe aplicar las notas 1, 2 y 3 del presente formato y las casillas de "Descripción", "Porcentaje" de la Administración, Imprevisto, Utilidad y total A.I.U. resaltadas en color amarillo.
C11: Nº | D11: ÍTEM DE PAGO | E11: ESPECIFICACIONES | G11: DESCRIPCIÓN | H11: UND. | I11: CANTIDAD | J11: VALOR UNITARIO | K11: VALOR TOTAL
E12: GENERAL | F12: PARTICULAR
C15: Subtotal
C21: Subtotal
C31: Subtotal
C36: Subtotal
C39: Subtotal
C40: SUBTOTAL OBRAS
G45: SUBTOTAL OBRAS (INCLUYE IVA)
G49: VALOR TOTAL
C52: NOTA 1: Se debe tener en cuenta que el PRECIO UNITARIO incluye el valor de AIU. | H52: DESCRIPCIÓN | K52: PORCENTAJE
C53: NOTA 2: Cuando la fracción decimal del peso sea igual o superior a 5 se aproximara por exceso al número entero siguiente del peso y cuando la fracción decimal del peso sea inferior a 5 se aproximará por defecto al número entero del peso. | H53: ADMINISTRACIÓN | J53: A= | K53: [Ofrecimiento del Proponente]
C54: NOTA 3: El AIU y su discriminación deben estar en porcentaje (%). | H54: IMPREVISTO | J54: I= | K54: [Ofrecimiento del Proponente]
H55: UTILIDAD | J55: U= | K55: [Ofrecimiento del Proponente]
H56: TOTAL A.I.U | J56: A.I.U.= | K56: [Ofrecimiento del Proponente]
G59: Firma del Proponente o de su Representante Legal

Sheet INDICAR CÓDIGO DEL ITEM DE PAGO
B1: Formulario 1 - Propuesta económica - Documento tipo de selección abreviada de menor cuantía - versión 1
B2: Versión: 1 de 21 de agosto de 2025
C5: [La entidad podrá utilizar este formato para la presentación de los análisis de Precios Unitarios del Contratista en la oportunidad prevista en el numeral 8.2. de la invitación]
D8: ALCALDIA DE VILLA DEL ROSARIO
L9: VERSIÓN
D10: CONSTRUCCION DE CUBIERTA PARA EL POLIDERPORTIVO DE LA INSTITUCION EDUCATIVA MEGACOLEGIO LA FRONTERA, VILLA DEL ROSARIO , NORTE DE SANTANDER
L11: PÁGINA | M11: 1 | N11: DE | O11: 1
D13: ANALISIS DE PRECIOS UNITARIOS
L15: FECHA | M15: DD | N15: MM | O15: AA
C17: ÍTEMS DE LA PROPUESTA ECONÓMICA | H17: 1 | I17: =+VLOOKUP(H17,'PRESUPUESTO OFICIAL (Entidad)'!$D$13:$I$46,4,FALSE) -> PRELIMINARES
C21: DATOS ESPECÍFICOS
C23: ÍTEM | D23: DESCRIPCIÓN | M23: UNIDAD | O23: CANTIDAD
C24: =+'PRESUPUESTO OFICIAL (Entidad)'!D14 -> 1.01 | D24: =+VLOOKUP($C$24,'PRESUPUESTO OFICIAL (Entidad)'!$D$13:$I$46,4,FALSE) -> LOCALIZACION Y REPLANTEO | M24: =+VLOOKUP($C$24,'PRESUPUESTO OFICIAL (Entidad)'!$D$13:$I$46,5,FALSE) -> M2 | O24: =+VLOOKUP($C$24,'PRESUPUESTO OFICIAL (Entidad)'!$D$13:$I$46,6,FALSE) -> 539.52
C25: I. EQUIPO
C28: DESCRIPCIÓN | H28: MARCA | J28: TIPO | L28: TARIFA/HORA | M28: RENDIMIENTO | O28: Vr. UNITARIO
C32: SUBTOTAL $ | O32: =SUM(O29:O31) -> 0
C33: II. MATERIALES
C36: DESCRIPCIÓN | K36: UNIDAD | L36: CANTIDAD | M36: PRECIO UNIT. | O36: Vr. UNITARIO
C39: SUBTOTAL $ | O39: =SUM(O37:O38) -> 0
C40: III. TRANSPORTES
C43: MATERIAL | J43: VOL. o PESO | K43: DISTANCIA | L43: M3 o Ton/Km | M43: TARIFA | O43: Vr. UNITARIO
C46: SUBTOTAL $ | O46: =SUM(O44:O45) -> 0
C47: IV. MANO DE OBRA
C50: TRABAJADOR | J50: JORNAL | K50: PRESTACIONES | L50: JORNAL TOTAL | M50: RENDIMIENTO | O50: Vr. UNITARIO
C55: SUBTOTAL $ | O55: =SUM(O51:O54) -> 0
C57: TOTAL COSTO DIRECTO $ | O57: =+O55+O46+O39+O32 -> 0
C58: V. COSTOS INDIRECTOS
C61: Descripción | L61: Porcentaje | M61: Valor Total
C62: ADMINISTRACION | L62: 0.3 | M62: =+O57 -> 0 | O62: =+ROUND(L62*M62,2) -> 0
C63: IMPREVISTOS | L63: 0 | M63: =+O57 -> 0 | O63: =+ROUND(L63*M63,2) -> 0
C64: UTILIDAD | L64: 0.05 | M64: =+O57 -> 0 | O64: =+ROUND(L64*M64,2) -> 0
C65: SUBTOTAL $ | O65: =SUM(O62:O64) -> 0
C67: Precio Unitario Total Aproximado al peso $ | O67: =+O65+O57 -> 0
H71: Firma
H72: Nombre:
H73: Representante Legal del Contratista o su Apoderado
H74: Matricula No. :
C76: OBSERVACIONES INTERVENTORÍA O SUPERVISIÓN
C80: APROBACIÓN POR INTERVENTORÍA O SUPERVISIÓN
C81: Nota 1: Cuando se trate de Análisis de precios unitarios correspondientes a ítems de la propuesta económica aprobada, el interventor o supervisor aprueba el desglose de los componentes manteniendo el mismo precio unitario de cada ítem, cumpliendo con las especificaciones de construcción vigentes para el proyecto.
C83: Nota 2: Cuando se trate de Análisis de precios unitarios de ítems no previstos, el interventor o supervisor aprueba el desglose y precio unitario de cada ítem no previsto, exigiendo la aplicación de los costos correspondientes a insumos y tarifas de la propuesta económica inicial cuando estén contemplados, cumpliendo con las especificaciones de construcción vigente para el proyecto.
H86: Firma
H87: Nombre:
H88: Representante Legal del Interventor o su apoderado o firma del supervisor
H89: Matricula No. :

Sheet 1,01
B1: Formulario 1 - Propuesta económica - Documento tipo de selección abreviada de menor cuantía - versión 1
B2: Versión: 1 de 21 de agosto de 2025
C5: [La entidad podrá utilizar este formato para la presentación de los análisis de Precios Unitarios del Contratista en la oportunidad prevista en el numeral 8.2. de la invitación]
D8: ALCALDIA DE VILLA DEL ROSARIO
L9: VERSIÓN
D10: CONSTRUCCION DE CUBIERTA PARA EL POLIDERPORTIVO DE LA INSTITUCION EDUCATIVA MEGACOLEGIO LA FRONTERA, VILLA DEL ROSARIO , NORTE DE SANTANDER
L11: PÁGINA | M11: 1 | N11: DE | O11: 1
D13: ANALISIS DE PRECIOS UNITARIOS
L15: FECHA | M15: DD | N15: MM | O15: AA
C17: ÍTEMS DE LA PROPUESTA ECONÓMICA | H17: 1 | I17: =+VLOOKUP(H17,'PRESUPUESTO OFICIAL (Entidad)'!$D$13:$I$46,4,FALSE) -> PRELIMINARES
C21: DATOS ESPECÍFICOS
C23: ÍTEM | D23: DESCRIPCIÓN | M23: UNIDAD | O23: CANTIDAD
C24: =+'PRESUPUESTO OFICIAL (Entidad)'!D14 -> 1.01 | D24: =+VLOOKUP($C$24,'PRESUPUESTO OFICIAL (Entidad)'!$D$13:$I$46,4,FALSE) -> LOCALIZACION Y REPLANTEO | M24: =+VLOOKUP($C$24,'PRESUPUESTO OFICIAL (Entidad)'!$D$13:$I$46,5,FALSE) -> M2 | O24: =+VLOOKUP($C$24,'PRESUPUESTO OFICIAL (Entidad)'!$D$13:$I$46,6,FALSE) -> 539.52
C25: I. EQUIPO
C28: DESCRIPCIÓN | H28: MARCA | J28: TIPO | L28: TARIFA/HORA | M28: RENDIMIENTO | O28: Vr. UNITARIO
C29: Herramienta menor | L29: 3538 | M29: 34.4 | O29: 1217
C30: EQUIPO DE TOPOGRAFIA | L30: 178363 | M30: 0.004 | O30: 713
C32: SUBTOTAL $ | O32: =SUM(O29:O31) -> 1930
C33: II. MATERIALES
C36: DESCRIPCIÓN | K36: UNIDAD | L36: CANTIDAD | M36: PRECIO UNIT. | O36: Vr. UNITARIO
C37: TABLA PEGACHENTO 2*20*300 | K37: UND | L37: 0.02 | M37: 28463 | O37: 569
C38: PUNTILLAS 1" | K38: KG | L38: 0.02 | N38: 11937 | O38: 239
C39: VARA COMUN | K39: UND | L39: 0.026 | M39: 25300 | O39: 658
C40: SUBTOTAL $ | O40: =SUM(O37:O39) -> 1466
C41: III. TRANSPORTES
C44: MATERIAL | J44: VOL. o PESO | K44: DISTANCIA | L44: M3 o Ton/Km | M44: TARIFA | O44: Vr. UNITARIO
C47: SUBTOTAL $ | O47: =SUM(O45:O46) -> 0
C48: IV. MANO DE OBRA
C51: TRABAJADOR | J51: JORNAL | K51: PRESTACIONES | L51: JORNAL TOTAL | M51: RENDIMIENTO | O51: Vr. UNITARIO
C52: Ayudante | K52: 1.13 | L52: 120117 | M52: 200 | O52: 601
C53: Oficial | K53: 1.13 | L53: 180176 | M53: 200 | O53: 901
C54: TOPOGRAFO AUX | K54: 1.13 | L54: 244319 | M54: 200 | O54: 1222
C55: CADENERO | K55: 1.13 | L55: 162879 | M55: 200 | O55: 814
C56: SUBTOTAL $ | O56: =SUM(O52:O55) -> 3538
C58: TOTAL COSTO DIRECTO $ | O58: =+O56+O47+O40+O32 -> 6934
C59: V. COSTOS INDIRECTOS
C62: Descripción | L62: Porcentaje | M62: Valor Total
C63: ADMINISTRACION | L63: 0.3 | M63: =+O58 -> 6934 | O63: =+ROUND(L63*M63,2) -> 2080.2
C64: IMPREVISTOS | L64: 0 | M64: =+O58 -> 6934 | O64: =+ROUND(L64*M64,2) -> 0
C65: UTILIDAD | L65: 0.05 | M65: =+O58 -> 6934 | O65: =+ROUND(L65*M65,2) -> 346.7
C66: SUBTOTAL $ | O66: =SUM(O63:O65) -> 2426.9
C68: Precio Unitario Total Aproximado al peso $ | O68: =+O66+O58 -> 9360.9
H72: Firma
H73: Nombre:
H74: Representante Legal del Contratista o su Apoderado
H75: Matricula No. :
C77: OBSERVACIONES INTERVENTORÍA O SUPERVISIÓN
C81: APROBACIÓN POR INTERVENTORÍA O SUPERVISIÓN
C82: Nota 1: Cuando se trate de Análisis de precios unitarios correspondientes a ítems de la propuesta económica aprobada, el interventor o supervisor aprueba el desglose de los componentes manteniendo el mismo precio unitario de cada ítem, cumpliendo con las especificaciones de construcción vigentes para el proyecto.
C84: Nota 2: Cuando se trate de Análisis de precios unitarios de ítems no previstos, el interventor o supervisor aprueba el desglose y precio unitario de cada ítem no previsto, exigiendo la aplicación de los costos correspondientes a insumos y tarifas de la propuesta económica inicial cuando estén contemplados, cumpliendo con las especificaciones de construcción vigente para el proyecto.
H87: Firma
H88: Nombre:
H89: Representante Legal del Interventor o su apoderado o firma del supervisor
H90: Matricula No. :

Sheet 1,02
B1: Formulario 1 - Propuesta económica - Documento tipo de selección abreviada de menor cuantía - versión 1
B2: Versión: 1 de 21 de agosto de 2025
C5: [La entidad podrá utilizar este formato para la presentación de los análisis de Precios Unitarios del Contratista en la oportunidad prevista en el numeral 8.2. de la invitación]
D8: ALCALDIA DE VILLA DEL ROSARIO
L9: VERSIÓN
D10: CONSTRUCCION DE CUBIERTA PARA EL POLIDERPORTIVO DE LA INSTITUCION EDUCATIVA MEGACOLEGIO LA FRONTERA, VILLA DEL ROSARIO , NORTE DE SANTANDER
L11: PÁGINA | M11: 1 | N11: DE | O11: 1
D13: ANALISIS DE PRECIOS UNITARIOS
L15: FECHA | M15: DD | N15: MM | O15: AA
C17: ÍTEMS DE LA PROPUESTA ECONÓMICA | H17: 1 | I17: =+VLOOKUP(H17,'PRESUPUESTO OFICIAL (Entidad)'!$D$13:$I$46,4,FALSE) -> PRELIMINARES
C21: DATOS ESPECÍFICOS
C23: ÍTEM | D23: DESCRIPCIÓN | M23: UNIDAD | O23: CANTIDAD
C24: 1.02 | D24: =+VLOOKUP($C$24,'PRESUPUESTO OFICIAL (Entidad)'!$D$13:$I$46,4,FALSE) -> DEMOLICION DE PLACA DE PISO EN CONCRETO | M24: =+VLOOKUP($C$24,'PRESUPUESTO OFICIAL (Entidad)'!$D$13:$I$46,5,FALSE) -> M2 | O24: =+VLOOKUP($C$24,'PRESUPUESTO OFICIAL (Entidad)'!$D$13:$I$46,6,FALSE) -> 65.22
C25: I. EQUIPO
C28: DESCRIPCIÓN | H28: MARCA | J28: TIPO | L28: TARIFA/HORA | M28: RENDIMIENTO | O28: Vr. UNITARIO
C29: HERRAMIENTA MNEOR | J29: % | L29: 15015 | M29: 23.33 | O29: 3502
C30: COMPRESOR DE MARTILLO | J30: HM | L30: 15212 | M30: 7.785 | O30: 16083
C32: SUBTOTAL $ | O32: =SUM(O29:O31) -> 19585
C33: II. MATERIALES
C36: DESCRIPCIÓN | K36: UNIDAD | L36: CANTIDAD | M36: PRECIO UNIT. | O36: Vr. UNITARIO
C39: SUBTOTAL $ | O39: =SUM(O37:O38) -> 0
C40: III. TRANSPORTES
C43: MATERIAL | J43: VOL. o PESO | K43: DISTANCIA | L43: M3 o Ton/Km | M43: TARIFA | O43: Vr. UNITARIO
C46: SUBTOTAL $ | O46: =SUM(O44:O45) -> 0
C47: IV. MANO DE OBRA
C50: TRABAJADOR | J50: JORNAL | K50: PRESTACIONES | L50: JORNAL TOTAL | M50: RENDIMIENTO | O50: Vr. UNITARIO
D51: AYUDANTE | K51: 1.13 | L51: 120117 | M51: 20 | O51: 6006
D52: OFICIAL | K52: 1.13 | L52: 180176 | M52: 20 | O52: 9009
C55: SUBTOTAL $ | O55: =SUM(O51:O54) -> 15015
C57: TOTAL COSTO DIRECTO $ | O57: =+O55+O46+O39+O32 -> 34600
C58: V. COSTOS INDIRECTOS
C61: Descripción | L61: Porcentaje | M61: Valor Total
C62: ADMINISTRACION | L62: 0.3 | M62: =+O57 -> 34600 | O62: =+ROUND(L62*M62,2) -> 10380
C63: IMPREVISTOS | L63: 0 | M63: =+O57 -> 34600 | O63: =+ROUND(L63*M63,2) -> 0
C64: UTILIDAD | L64: 0.05 | M64: =+O57 -> 34600 | O64: =+ROUND(L64*M64,2) -> 1730
C65: SUBTOTAL $ | O65: =SUM(O62:O64) -> 12110
C67: Precio Unitario Total Aproximado al peso $ | O67: =+O65+O57 -> 46710
H71: Firma
H72: Nombre:
H73: Representante Legal del Contratista o su Apoderado
H74: Matricula No. :
C76: OBSERVACIONES INTERVENTORÍA O SUPERVISIÓN
C80: APROBACIÓN POR INTERVENTORÍA O SUPERVISIÓN
C81: Nota 1: Cuando se trate de Análisis de precios unitarios correspondientes a ítems de la propuesta económica aprobada, el interventor o supervisor aprueba el desglose de los componentes manteniendo el mismo precio unitario de cada ítem, cumpliendo con las especificaciones de construcción vigentes para el proyecto.
C83: Nota 2: Cuando se trate de Análisis de precios unitarios de ítems no previstos, el interventor o supervisor aprueba el desglose y precio unitario de cada ítem no previsto, exigiendo la aplicación de los costos correspondientes a insumos y tarifas de la propuesta económica inicial cuando estén contemplados, cumpliendo con las especificaciones de construcción vigente para el proyecto.
H86: Firma
H87: Nombre:
H88: Representante Legal del Interventor o su apoderado o firma del supervisor
H89: Matricula No. :

Sheet 2,01
B1: Formulario 1 - Propuesta económica - Documento tipo de selección abreviada de menor cuantía - versión 1
B2: Versión: 1 de 21 de agosto de 2025
C5: [La entidad podrá utilizar este formato para la presentación de los análisis de Precios Unitarios del Contratista en la oportunidad prevista en el numeral 8.2. de la invitación]
D8: ALCALDIA DE VILLA DEL ROSARIO
L9: VERSIÓN
D10: CONSTRUCCION DE CUBIERTA PARA EL POLIDERPORTIVO DE LA INSTITUCION EDUCATIVA MEGACOLEGIO LA FRONTERA, VILLA DEL ROSARIO , NORTE DE SANTANDER
L11: PÁGINA | M11: 1 | N11: DE | O11: 1
D13: ANALISIS DE PRECIOS UNITARIOS
L15: FECHA | M15: DD | N15: MM | O15: AA
C17: ÍTEMS DE LA PROPUESTA ECONÓMICA | H17: 2 | I17: =+VLOOKUP(H17,'PRESUPUESTO OFICIAL (Entidad)'!$D$13:$I$46,4,FALSE) -> CIMENTACION
C21: DATOS ESPECÍFICOS
C23: ÍTEM | D23: DESCRIPCIÓN | M23: UNIDAD | O23: CANTIDAD
C24: 2.01 | D24: =+VLOOKUP($C$24,'PRESUPUESTO OFICIAL (Entidad)'!$D$13:$I$46,4,FALSE) -> EXCAVACION MANUAL DE MATERIAL COMUN | M24: =+VLOOKUP($C$24,'PRESUPUESTO OFICIAL (Entidad)'!$D$13:$I$46,5,FALSE) -> M3 | O24: =+VLOOKUP($C$24,'PRESUPUESTO OFICIAL (Entidad)'!$D$13:$I$46,6,FALSE) -> 47.27
C25: I. EQUIPO
C28: DESCRIPCIÓN | H28: MARCA | J28: TIPO | L28: TARIFA/HORA | M28: RENDIMIENTO | O28: Vr. UNITARIO
C29: HERRAMIENTA MENOR | J29: % | L29: 104939 | M29: 10 | O29: 10494
C32: SUBTOTAL $ | O32: =SUM(O29:O31) -> 10494
C33: II. MATERIALES
C36: DESCRIPCIÓN | K36: UNIDAD | L36: CANTIDAD | M36: PRECIO UNIT. | O36: Vr. UNITARIO
C39: SUBTOTAL $ | O39: =SUM(O37:O38) -> 0
C40: III. TRANSPORTES
C43: MATERIAL | J43: VOL. o PESO | K43: DISTANCIA | L43: M3 o Ton/Km | M43: TARIFA | O43: Vr. UNITARIO
C46: SUBTOTAL $ | O46: =SUM(O44:O45) -> 0
C47: IV. MANO DE OBRA
C50: TRABAJADOR | J50: JORNAL | K50: PRESTACIONES | L50: JORNAL TOTAL | M50: RENDIMIENTO | O50: Vr. UNITARIO
C51: AYUDANTE | K51: 1.13 | L51: 120117 | M51: 1.145 | O51: 104939
C55: SUBTOTAL $ | O55: =SUM(O51:O54) -> 104939
C57: TOTAL COSTO DIRECTO $ | O57: =+O55+O46+O39+O32 -> 115433
C58: V. COSTOS INDIRECTOS
C61: Descripción | L61: Porcentaje | M61: Valor Total
C62: ADMINISTRACION | L62: 0.3 | M62: =+O57 -> 115433 | O62: =+ROUND(L62*M62,2) -> 34629.9
C63: IMPREVISTOS | L63: 0 | M63: =+O57 -> 115433 | O63: =+ROUND(L63*M63,2) -> 0
C64: UTILIDAD | L64: 0.05 | M64: =+O57 -> 115433 | O64: =+ROUND(L64*M64,2) -> 5771.65
C65: SUBTOTAL $ | O65: =SUM(O62:O64) -> 40401.55
C67: Precio Unitario Total Aproximado al peso $ | O67: =+O65+O57 -> 155834.55
H71: Firma
H72: Nombre:
H73: Representante Legal del Contratista o su Apoderado
H74: Matricula No. :
C76: OBSERVACIONES INTERVENTORÍA O SUPERVISIÓN
C80: APROBACIÓN POR INTERVENTORÍA O SUPERVISIÓN
C81: Nota 1: Cuando se trate de Análisis de precios unitarios correspondientes a ítems de la propuesta económica aprobada, el interventor o supervisor aprueba el desglose de los componentes manteniendo el mismo precio unitario de cada ítem, cumpliendo con las especificaciones de construcción vigentes para el proyecto.
C83: Nota 2: Cuando se trate de Análisis de precios unitarios de ítems no previstos, el interventor o supervisor aprueba el desglose y precio unitario de cada ítem no previsto, exigiendo la aplicación de los costos correspondientes a insumos y tarifas de la propuesta económica inicial cuando estén contemplados, cumpliendo con las especificaciones de construcción vigente para el proyecto.
H86: Firma
H87: Nombre:
H88: Representante Legal del Interventor o su apoderado o firma del supervisor
H89: Matricula No. :

Sheet 2,02
B1: Formulario 1 - Propuesta económica - Documento tipo de selección abreviada de menor cuantía - versión 1
B2: Versión: 1 de 21 de agosto de 2025
C5: [La entidad podrá utilizar este formato para la presentación de los análisis de Precios Unitarios del Contratista en la oportunidad prevista en el numeral 8.2. de la invitación]
D8: ALCALDIA DE VILLA DEL ROSARIO
L9: VERSIÓN
D10: CONSTRUCCION DE CUBIERTA PARA EL POLIDERPORTIVO DE LA INSTITUCION EDUCATIVA MEGACOLEGIO LA FRONTERA, VILLA DEL ROSARIO , NORTE DE SANTANDER
L11: PÁGINA | M11: 1 | N11: DE | O11: 1
D13: ANALISIS DE PRECIOS UNITARIOS
L15: FECHA | M15: DD | N15: MM | O15: AA
C17: ÍTEMS DE LA PROPUESTA ECONÓMICA | H17: 2 | I17: =+VLOOKUP(H17,'PRESUPUESTO OFICIAL (Entidad)'!$D$13:$I$46,4,FALSE) -> CIMENTACION
C21: DATOS ESPECÍFICOS
C23: ÍTEM | D23: DESCRIPCIÓN | M23: UNIDAD | O23: CANTIDAD
C24: 2.02 | D24: =+VLOOKUP($C$24,'PRESUPUESTO OFICIAL (Entidad)'!$D$13:$I$46,4,FALSE) -> RELLENO EN BASE GRANULAR COMPACTADO | M24: =+VLOOKUP($C$24,'PRESUPUESTO OFICIAL (Entidad)'!$D$13:$I$46,5,FALSE) -> M3 | O24: =+VLOOKUP($C$24,'PRESUPUESTO OFICIAL (Entidad)'!$D$13:$I$46,6,FALSE) -> 18.69
C25: I. EQUIPO
C28: DESCRIPCIÓN | H28: MARCA | J28: TIPO | L28: TARIFA/HORA | M28: RENDIMIENTO | O28: Vr. UNITARIO
C29: HERRAMIENTA MENOR | J29: % | L29: 17160 | M29: 8 | O29: 1373
C30: VIBROCOMPACTADOR | J30: DIA | L30: 125000 | M30: 20245 | O30: 6174
C31: CARROTANQUE | J31: DIA | L31: 403250 | M31: 0.05 | O31: 20163
C32: SUBTOTAL $ | O32: =SUM(O29:O31) -> 27710
C33: II. MATERIALES
C36: DESCRIPCIÓN | K36: UNIDAD | L36: CANTIDAD | M36: PRECIO UNIT. | O36: Vr. UNITARIO
C37: BASE GRANULAR | K37: M3 | L37: 1.3 | M37: 76500 | O37: 99450
C39: SUBTOTAL $ | O39: =SUM(O37:O38) -> 99450
C40: III. TRANSPORTES
C43: MATERIAL | J43: VOL. o PESO | K43: DISTANCIA | L43: M3 o Ton/Km | M43: TARIFA | O43: Vr. UNITARIO
C46: SUBTOTAL $ | O46: =SUM(O44:O45) -> 0
C47: IV. MANO DE OBRA
C50: TRABAJADOR | J50: JORNAL | K50: PRESTACIONES | L50: JORNAL TOTAL | M50: RENDIMIENTO | O50: Vr. UNITARIO
C51: AYUDANTE | K51: 1.13 | L51: 120117 | M51: 7 | O51: 17160
C55: SUBTOTAL $ | O55: =SUM(O51:O54) -> 17160
C57: TOTAL COSTO DIRECTO $ | O57: =+O55+O46+O39+O32 -> 144320
C58: V. COSTOS INDIRECTOS
C61: Descripción | L61: Porcentaje | M61: Valor Total
C62: ADMINISTRACION | L62: 0.3 | M62: =+O57 -> 144320 | O62: =+ROUND(L62*M62,2) -> 43296
C63: IMPREVISTOS | L63: 0 | M63: =+O57 -> 144320 | O63: =+ROUND(L63*M63,2) -> 0
C64: UTILIDAD | L64: 0.05 | M64: =+O57 -> 144320 | O64: =+ROUND(L64*M64,2) -> 7216
C65: SUBTOTAL $ | O65: =SUM(O62:O64) -> 50512
C67: Precio Unitario Total Aproximado al peso $ | O67: =+O65+O57 -> 194832
H71: Firma
H72: Nombre:
H73: Representante Legal del Contratista o su Apoderado
H74: Matricula No. :
C76: OBSERVACIONES INTERVENTORÍA O SUPERVISIÓN
C80: APROBACIÓN POR INTERVENTORÍA O SUPERVISIÓN
C81: Nota 1: Cuando se trate de Análisis de precios unitarios correspondientes a ítems de la propuesta económica aprobada, el interventor o supervisor aprueba el desglose de los componentes manteniendo el mismo precio unitario de cada ítem, cumpliendo con las especificaciones de construcción vigentes para el proyecto.
C83: Nota 2: Cuando se trate de Análisis de precios unitarios de ítems no previstos, el interventor o supervisor aprueba el desglose y precio unitario de cada ítem no previsto, exigiendo la aplicación de los costos correspondientes a insumos y tarifas de la propuesta económica inicial cuando estén contemplados, cumpliendo con las especificaciones de construcción vigente para el proyecto.
H86: Firma
H87: Nombre:
H88: Representante Legal del Interventor o su apoderado o firma del supervisor
H89: Matricula No. :

Sheet 2,03
B1: Formulario 1 - Propuesta económica - Documento tipo de selección abreviada de menor cuantía - versión 1
B2: Versión: 1 de 21 de agosto de 2025
C5: [La entidad podrá utilizar este formato para la presentación de los análisis de Precios Unitarios del Contratista en la oportunidad prevista en el numeral 8.2. de la invitación]
D8: ALCALDIA DE VILLA DEL ROSARIO
L9: VERSIÓN
D10: CONSTRUCCION DE CUBIERTA PARA EL POLIDERPORTIVO DE LA INSTITUCION EDUCATIVA MEGACOLEGIO LA FRONTERA, VILLA DEL ROSARIO , NORTE DE SANTANDER
L11: PÁGINA | M11: 1 | N11: DE | O11: 1
D13: ANALISIS DE PRECIOS UNITARIOS
L15: FECHA | M15: DD | N15: MM | O15: AA
C17: ÍTEMS DE LA PROPUESTA ECONÓMICA | H17: 2 | I17: =+VLOOKUP(H17,'PRESUPUESTO OFICIAL (Entidad)'!$D$13:$I$46,4,FALSE) -> CIMENTACION
C21: DATOS ESPECÍFICOS
C23: ÍTEM | D23: DESCRIPCIÓN | M23: UNIDAD | O23: CANTIDAD
C24: 2.03 | D24: =+VLOOKUP($C$24,'PRESUPUESTO OFICIAL (Entidad)'!$D$13:$I$46,4,FALSE) -> CONCRETO DE 1500 PSI DE SANEAMIENTO | M24: =+VLOOKUP($C$24,'PRESUPUESTO OFICIAL (Entidad)'!$D$13:$I$46,5,FALSE) -> M3 | O24: =+VLOOKUP($C$24,'PRESUPUESTO OFICIAL (Entidad)'!$D$13:$I$46,6,FALSE) -> 0.59
C25: I. EQUIPO
C28: DESCRIPCIÓN | H28: MARCA | J28: TIPO | L28: TARIFA/HORA | M28: RENDIMIENTO | O28: Vr. UNITARIO
C29: HERRAMIENTA MNEOR | J29: % | L29: 360351 | M29: 10 | O29: 36035
C32: SUBTOTAL $ | O32: =SUM(O29:O31) -> 36035
C33: II. MATERIALES
C36: DESCRIPCIÓN | K36: UNIDAD | L36: CANTIDAD | M36: PRECIO UNIT. | O36: Vr. UNITARIO
C37: CONCRETO 1500PSI | K37: M3 | L37: 400000 | M37: 1.1 | O37: 440000
C39: SUBTOTAL $ | O39: =SUM(O37:O38) -> 440000
C40: III. TRANSPORTES
C43: MATERIAL | J43: VOL. o PESO | K43: DISTANCIA | L43: M3 o Ton/Km | M43: TARIFA | O43: Vr. UNITARIO
C46: SUBTOTAL $ | O46: =SUM(O44:O45) -> 0
C47: IV. MANO DE OBRA
C50: TRABAJADOR | J50: JORNAL | K50: PRESTACIONES | L50: JORNAL TOTAL | M50: RENDIMIENTO | O50: Vr. UNITARIO
C51: AYUDANTE | K51: 1.13 | L51: 120117 | M51: 1.5 | O51: 240234
C52: OFICIAL | K52: 1.13 | L52: 180176 | M52: 1.5 | O52: 120117
C55: SUBTOTAL $ | O55: =SUM(O51:O54) -> 360351
C57: TOTAL COSTO DIRECTO $ | O57: =+O55+O46+O39+O32 -> 836386
C58: V. COSTOS INDIRECTOS
C61: Descripción | L61: Porcentaje | M61: Valor Total
C62: ADMINISTRACION | L62: 0.3 | M62: =+O57 -> 836386 | O62: =+ROUND(L62*M62,2) -> 250915.8
C63: IMPREVISTOS | L63: 0 | M63: =+O57 -> 836386 | O63: =+ROUND(L63*M63,2) -> 0
C64: UTILIDAD | L64: 0.05 | M64: =+O57 -> 836386 | O64: =+ROUND(L64*M64,2) -> 41819.3
C65: SUBTOTAL $ | O65: =SUM(O62:O64) -> 292735.1
C67: Precio Unitario Total Aproximado al peso $ | O67: =+O65+O57 -> 1129121.1
H71: Firma
H72: Nombre:
H73: Representante Legal del Contratista o su Apoderado
H74: Matricula No. :
C76: OBSERVACIONES INTERVENTORÍA O SUPERVISIÓN
C80: APROBACIÓN POR INTERVENTORÍA O SUPERVISIÓN
C81: Nota 1: Cuando se trate de Análisis de precios unitarios correspondientes a ítems de la propuesta económica aprobada, el interventor o supervisor aprueba el desglose de los componentes manteniendo el mismo precio unitario de cada ítem, cumpliendo con las especificaciones de construcción vigentes para el proyecto.
C83: Nota 2: Cuando se trate de Análisis de precios unitarios de ítems no previstos, el interventor o supervisor aprueba el desglose y precio unitario de cada ítem no previsto, exigiendo la aplicación de los costos correspondientes a insumos y tarifas de la propuesta económica inicial cuando estén contemplados, cumpliendo con las especificaciones de construcción vigente para el proyecto.
H86: Firma
H87: Nombre:
H88: Representante Legal del Interventor o su apoderado o firma del supervisor
H89: Matricula No. :

Sheet 2,04
B1: Formulario 1 - Propuesta económica - Documento tipo de selección abreviada de menor cuantía - versión 1
B2: Versión: 1 de 21 de agosto de 2025
C5: [La entidad podrá utilizar este formato para la presentación de los análisis de Precios Unitarios del Contratista en la oportunidad prevista en el numeral 8.2. de la invitación]
D8: ALCALDIA DE VILLA DEL ROSARIO
L9: VERSIÓN
D10: CONSTRUCCION DE CUBIERTA PARA EL POLIDERPORTIVO DE LA INSTITUCION EDUCATIVA MEGACOLEGIO LA FRONTERA, VILLA DEL ROSARIO , NORTE DE SANTANDER
L11: PÁGINA | M11: 1 | N11: DE | O11: 1
D13: ANALISIS DE PRECIOS UNITARIOS
L15: FECHA | M15: DD | N15: MM | O15: AA
C17: ÍTEMS DE LA PROPUESTA ECONÓMICA | H17: 2 | I17: =+VLOOKUP(H17,'PRESUPUESTO OFICIAL (Entidad)'!$D$13:$I$46,4,FALSE) -> CIMENTACION
C21: DATOS ESPECÍFICOS
C23: ÍTEM | D23: DESCRIPCIÓN | M23: UNIDAD | O23: CANTIDAD
C24: 2.04 | D24: =+VLOOKUP($C$24,'PRESUPUESTO OFICIAL (Entidad)'!$D$13:$I$46,4,FALSE) -> CONCRETO DE 3000 PSI PARA ZAPATAS | M24: =+VLOOKUP($C$24,'PRESUPUESTO OFICIAL (Entidad)'!$D$13:$I$46,5,FALSE) -> M3 | O24: =+VLOOKUP($C$24,'PRESUPUESTO OFICIAL (Entidad)'!$D$13:$I$46,6,FALSE) -> 4.14
C25: I. EQUIPO
C28: DESCRIPCIÓN | H28: MARCA | J28: TIPO | L28: TARIFA/HORA | M28: RENDIMIENTO | O28: Vr. UNITARIO
C29: HERRAMIENTA MENOR | J29: % | L29: 491388 | M29: 10 | O29: 49139
C30: FORMALETA METALICA | J30: DIA | L30: 600 | M30: 20.9 | O30: 12540
C31: VIBRADOR A GASOLINA | J31: DIA | L31: 90000 | M31: 0.2 | O31: 18000
C32: TABLA 2X30X300 | J32: DIA | L32: 1100 | M32: 1 | O32: 1100
C33: SUBTOTAL $ | O33: =SUM(O29:O32) -> 80779
C34: II. MATERIALES
C37: DESCRIPCIÓN | K37: UNIDAD | L37: CANTIDAD | M37: PRECIO UNIT. | O37: Vr. UNITARIO
C38: CONCRETO 3000PSI | K38: M3 | L38: 1.05 | M38: 681826.85 | O38: 715918
C40: SUBTOTAL $ | O40: =SUM(O38:O39) -> 715918
C41: III. TRANSPORTES
C44: MATERIAL | J44: VOL. o PESO | K44: DISTANCIA | L44: M3 o Ton/Km | M44: TARIFA | O44: Vr. UNITARIO
C47: SUBTOTAL $ | O47: =SUM(O45:O46) -> 0
C48: IV. MANO DE OBRA
C51: TRABAJADOR | J51: JORNAL | K51: PRESTACIONES | L51: JORNAL TOTAL | M51: RENDIMIENTO | O51: Vr. UNITARIO
C52: AYUDANTE | K52: 1.13 | L52: 120117 | M52: 1.1 | O52: 327592
C53: OFICIAL | K53: 1.13 | L53: 180176 | M53: 1.1 | O53: 163796
C56: SUBTOTAL $ | O56: =SUM(O52:O55) -> 491388
C58: TOTAL COSTO DIRECTO $ | O58: =+O56+O47+O40+O33 -> 1288085
C59: V. COSTOS INDIRECTOS
C62: Descripción | L62: Porcentaje | M62: Valor Total
C63: ADMINISTRACION | L63: 0.3 | M63: =+O58 -> 1288085 | O63: =+ROUND(L63*M63,2) -> 386425.5
C64: IMPREVISTOS | L64: 0 | M64: =+O58 -> 1288085 | O64: =+ROUND(L64*M64,2) -> 0
C65: UTILIDAD | L65: 0.05 | M65: =+O58 -> 1288085 | O65: =+ROUND(L65*M65,2) -> 64404.25
C66: SUBTOTAL $ | O66: =SUM(O63:O65) -> 450829.75
C68: Precio Unitario Total Aproximado al peso $ | O68: =+O66+O58 -> 1738914.8
H72: Firma
H73: Nombre:
H74: Representante Legal del Contratista o su Apoderado
H75: Matricula No. :
C77: OBSERVACIONES INTERVENTORÍA O SUPERVISIÓN
C81: APROBACIÓN POR INTERVENTORÍA O SUPERVISIÓN
C82: Nota 1: Cuando se trate de Análisis de precios unitarios correspondientes a ítems de la propuesta económica aprobada, el interventor o supervisor aprueba el desglose de los componentes manteniendo el mismo precio unitario de cada ítem, cumpliendo con las especificaciones de construcción vigentes para el proyecto.
C84: Nota 2: Cuando se trate de Análisis de precios unitarios de ítems no previstos, el interventor o supervisor aprueba el desglose y precio unitario de cada ítem no previsto, exigiendo la aplicación de los costos correspondientes a insumos y tarifas de la propuesta económica inicial cuando estén contemplados, cumpliendo con las especificaciones de construcción vigente para el proyecto.
H87: Firma
H88: Nombre:
H89: Representante Legal del Interventor o su apoderado o firma del supervisor
H90: Matricula No. :

Sheet 2,05
B1: Formulario 1 - Propuesta económica - Documento tipo de selección abreviada de menor cuantía - versión 1
B2: Versión: 1 de 21 de agosto de 2025
C5: [La entidad podrá utilizar este formato para la presentación de los análisis de Precios Unitarios del Contratista en la oportunidad prevista en el numeral 8.2. de la invitación]
D8: ALCALDIA DE VILLA DEL ROSARIO
L9: VERSIÓN
D10: CONSTRUCCION DE CUBIERTA PARA EL POLIDERPORTIVO DE LA INSTITUCION EDUCATIVA MEGACOLEGIO LA FRONTERA, VILLA DEL ROSARIO , NORTE DE SANTANDER
L11: PÁGINA | M11: 1 | N11: DE | O11: 1
D13: ANALISIS DE PRECIOS UNITARIOS
L15: FECHA | M15: DD | N15: MM | O15: AA
C17: ÍTEMS DE LA PROPUESTA ECONÓMICA | H17: 2 | I17: =+VLOOKUP(H17,'PRESUPUESTO OFICIAL (Entidad)'!$D$13:$I$46,4,FALSE) -> CIMENTACION
C21: DATOS ESPECÍFICOS
C23: ÍTEM | D23: DESCRIPCIÓN | M23: UNIDAD | O23: CANTIDAD
C24: 2.05 | D24: =+VLOOKUP($C$24,'PRESUPUESTO OFICIAL (Entidad)'!$D$13:$I$46,4,FALSE) -> PEDESTAL EN CONCRETO INCLUYE FORMALETA | M24: =+VLOOKUP($C$24,'PRESUPUESTO OFICIAL (Entidad)'!$D$13:$I$46,5,FALSE) -> M3 | O24: =+VLOOKUP($C$24,'PRESUPUESTO OFICIAL (Entidad)'!$D$13:$I$46,6,FALSE) -> 1.33
C25: I. EQUIPO
C28: DESCRIPCIÓN | H28: MARCA | J28: TIPO | L28: TARIFA/HORA | M28: RENDIMIENTO | O28: Vr. UNITARIO
C29: HERRAMIENTA MENOR | J29: % | L29: 467123 | M29: 10 | O29: 46712
C30: FORMALETA METALICA | J30: DIA | L30: 600 | M30: 100 | O30: 60000
C31: VIBRADOR A GASOLINA | J31: DIA | L31: 90000 | M31: 0.15 | O31: 13500
C32: SUBTOTAL $ | O32: =SUM(O29:O31) -> 120212
C33: II. MATERIALES
C36: DESCRIPCIÓN | K36: UNIDAD | L36: CANTIDAD | M36: PRECIO UNIT. | O36: Vr. UNITARIO
C37: CONCRETO DE 3000PSI | K37: M3 | L37: 681826.85 | M37: 1.05 | O37: 715918
C39: SUBTOTAL $ | O39: =SUM(O37:O38) -> 715918
C40: III. TRANSPORTES
C43: MATERIAL | J43: VOL. o PESO | K43: DISTANCIA | L43: M3 o Ton/Km | M43: TARIFA | O43: Vr. UNITARIO
C46: SUBTOTAL $ | O46: =SUM(O44:O45) -> 0
C47: IV. MANO DE OBRA
C50: TRABAJADOR | J50: JORNAL | K50: PRESTACIONES | L50: JORNAL TOTAL | M50: RENDIMIENTO | O50: Vr. UNITARIO
C51: 2 AYUDANTE | K51: 1.13 | L51: 120117 | M51: 0.9 | O51: 266927
C52: OFICIAL | K52: 1.13 | L52: 180176 | M52: 0.9 | O52: 200196
C55: SUBTOTAL $ | O55: =SUM(O51:O54) -> 467123
C57: TOTAL COSTO DIRECTO $ | O57: =+O55+O46+O39+O32 -> 1303253
C58: V. COSTOS INDIRECTOS
C61: Descripción | L61: Porcentaje | M61: Valor Total
C62: ADMINISTRACION | L62: 0.3 | M62: =+O57 -> 1303253 | O62: =+ROUND(L62*M62,2) -> 390975.9
C63: IMPREVISTOS | L63: 0 | M63: =+O57 -> 1303253 | O63: =+ROUND(L63*M63,2) -> 0
C64: UTILIDAD | L64: 0.05 | M64: =+O57 -> 1303253 | O64: =+ROUND(L64*M64,2) -> 65162.65
C65: SUBTOTAL $ | O65: =SUM(O62:O64) -> 456138.55
C67: Precio Unitario Total Aproximado al peso $ | O67: =+O65+O57 -> 1759391.6
H71: Firma
H72: Nombre:
H73: Representante Legal del Contratista o su Apoderado
H74: Matricula No. :
C76: OBSERVACIONES INTERVENTORÍA O SUPERVISIÓN
C80: APROBACIÓN POR INTERVENTORÍA O SUPERVISIÓN
C81: Nota 1: Cuando se trate de Análisis de precios unitarios correspondientes a ítems de la propuesta económica aprobada, el interventor o supervisor aprueba el desglose de los componentes manteniendo el mismo precio unitario de cada ítem, cumpliendo con las especificaciones de construcción vigentes para el proyecto.
C83: Nota 2: Cuando se trate de Análisis de precios unitarios de ítems no previstos, el interventor o supervisor aprueba el desglose y precio unitario de cada ítem no previsto, exigiendo la aplicación de los costos correspondientes a insumos y tarifas de la propuesta económica inicial cuando estén contemplados, cumpliendo con las especificaciones de construcción vigente para el proyecto.
H86: Firma
H87: Nombre:
H88: Representante Legal del Interventor o su apoderado o firma del supervisor
H89: Matricula No. :

Sheet 2,06
B1: Formulario 1 - Propuesta económica - Documento tipo de selección abreviada de menor cuantía - versión 1
B2: Versión: 1 de 21 de agosto de 2025
C5: [La entidad podrá utilizar este formato para la presentación de los análisis de Precios Unitarios del Contratista en la oportunidad prevista en el numeral 8.2. de la invitación]
D8: ALCALDIA DE VILLA DEL ROSARIO
L9: VERSIÓN
D10: CONSTRUCCION DE CUBIERTA PARA EL POLIDERPORTIVO DE LA INSTITUCION EDUCATIVA MEGACOLEGIO LA FRONTERA, VILLA DEL ROSARIO , NORTE DE SANTANDER
L11: PÁGINA | M11: 1 | N11: DE | O11: 1
D13: ANALISIS DE PRECIOS UNITARIOS
L15: FECHA | M15: DD | N15: MM | O15: AA
C17: ÍTEMS DE LA PROPUESTA ECONÓMICA | H17: 2 | I17: =+VLOOKUP(H17,'PRESUPUESTO OFICIAL (Entidad)'!$D$13:$I$46,4,FALSE) -> CIMENTACION
C21: DATOS ESPECÍFICOS
C23: ÍTEM | D23: DESCRIPCIÓN | M23: UNIDAD | O23: CANTIDAD
C24: 2.06 | D24: =+VLOOKUP($C$24,'PRESUPUESTO OFICIAL (Entidad)'!$D$13:$I$46,4,FALSE) -> VIGA DE AMARRE DE CIMENTACION EN CONCRETO DE 21 MPA | M24: =+VLOOKUP($C$24,'PRESUPUESTO OFICIAL (Entidad)'!$D$13:$I$46,5,FALSE) -> ML | O24: =+VLOOKUP($C$24,'PRESUPUESTO OFICIAL (Entidad)'!$D$13:$I$46,6,FALSE) -> 39.42
C25: I. EQUIPO
C28: DESCRIPCIÓN | H28: MARCA | J28: TIPO | L28: TARIFA/HORA | M28: RENDIMIENTO | O28: Vr. UNITARIO
C29: HERRAMIENTA MENOR | J29: % | L29: 56898 | M29: 10 | O29: 5690
C30: FORMALETA METALICA 1X25 | J30: DIA | L30: 600 | M30: 10 | O30: 6000
C31: VIBRADOR A GASOLINA | J31: DIA | L31: 90000 | M31: 0.05 | O31: 4500
C32: SUBTOTAL $ | O32: =SUM(O29:O31) -> 16190
C33: II. MATERIALES
C36: DESCRIPCIÓN | K36: UNIDAD | L36: CANTIDAD | M36: PRECIO UNIT. | O36: Vr. UNITARIO
C37: CONCRETO DE 3000PSI0 | K37: M3 | L37: 0.073 | M37: 681826.85 | O37: 49773
C39: SUBTOTAL $ | O39: =SUM(O37:O38) -> 49773
C40: III. TRANSPORTES
C43: MATERIAL | J43: VOL. o PESO | K43: DISTANCIA | L43: M3 o Ton/Km | M43: TARIFA | O43: Vr. UNITARIO
C46: SUBTOTAL $ | O46: =SUM(O44:O45) -> 0
C47: IV. MANO DE OBRA
C50: TRABAJADOR | J50: JORNAL | K50: PRESTACIONES | L50: JORNAL TOTAL | M50: RENDIMIENTO | O50: Vr. UNITARIO
C51: 3 AYUDANTES | K51: 1.13 | L51: 120117 | M51: 9.5 | O51: 37932
C52: OFICIAL | K52: 1.13 | L52: 180176 | M52: 9.5 | O52: 18966
C55: SUBTOTAL $ | O55: =SUM(O51:O54) -> 56898
C57: TOTAL COSTO DIRECTO $ | O57: =+O55+O46+O39+O32 -> 122861
C58: V. COSTOS INDIRECTOS
C61: Descripción | L61: Porcentaje | M61: Valor Total
C62: ADMINISTRACION | L62: 0.3 | M62: =+O57 -> 122861 | O62: =+ROUND(L62*M62,2) -> 36858.3
C63: IMPREVISTOS | L63: 0 | M63: =+O57 -> 122861 | O63: =+ROUND(L63*M63,2) -> 0
C64: UTILIDAD | L64: 0.05 | M64: =+O57 -> 122861 | O64: =+ROUND(L64*M64,2) -> 6143.05
C65: SUBTOTAL $ | O65: =SUM(O62:O64) -> 43001.35
C67: Precio Unitario Total Aproximado al peso $ | O67: =+O65+O57 -> 165862.35
H71: Firma
H72: Nombre:
H73: Representante Legal del Contratista o su Apoderado
H74: Matricula No. :
C76: OBSERVACIONES INTERVENTORÍA O SUPERVISIÓN
C80: APROBACIÓN POR INTERVENTORÍA O SUPERVISIÓN
C81: Nota 1: Cuando se trate de Análisis de precios unitarios correspondientes a ítems de la propuesta económica aprobada, el interventor o supervisor aprueba el desglose de los componentes manteniendo el mismo precio unitario de cada ítem, cumpliendo con las especificaciones de construcción vigentes para el proyecto.
C83: Nota 2: Cuando se trate de Análisis de precios unitarios de ítems no previstos, el interventor o supervisor aprueba el desglose y precio unitario de cada ítem no previsto, exigiendo la aplicación de los costos correspondientes a insumos y tarifas de la propuesta económica inicial cuando estén contemplados, cumpliendo con las especificaciones de construcción vigente para el proyecto.
H86: Firma
H87: Nombre:
H88: Representante Legal del Interventor o su apoderado o firma del supervisor
H89: Matricula No. :

Sheet 2,07
B1: Formulario 1 - Propuesta económica - Documento tipo de selección abreviada de menor cuantía - versión 1
B2: Versión: 1 de 21 de agosto de 2025
C5: [La entidad podrá utilizar este formato para la presentación de los análisis de Precios Unitarios del Contratista en la oportunidad prevista en el numeral 8.2. de la invitación]
D8: ALCALDIA DE VILLA DEL ROSARIO
L9: VERSIÓN
D10: CONSTRUCCION DE CUBIERTA PARA EL POLIDERPORTIVO DE LA INSTITUCION EDUCATIVA MEGACOLEGIO LA FRONTERA, VILLA DEL ROSARIO , NORTE DE SANTANDER
L11: PÁGINA | M11: 1 | N11: DE | O11: 1
D13: ANALISIS DE PRECIOS UNITARIOS
L15: FECHA | M15: DD | N15: MM | O15: AA
C17: ÍTEMS DE LA PROPUESTA ECONÓMICA | H17: 2 | I17: =+VLOOKUP(H17,'PRESUPUESTO OFICIAL (Entidad)'!$D$13:$I$46,4,FALSE) -> CIMENTACION
C21: DATOS ESPECÍFICOS
C23: ÍTEM | D23: DESCRIPCIÓN | M23: UNIDAD | O23: CANTIDAD
C24: 2.07 | D24: =+VLOOKUP($C$24,'PRESUPUESTO OFICIAL (Entidad)'!$D$13:$I$46,4,FALSE) -> REFUERZO FY= 2400 KG/CM2 (INCLUYE ALAMBRE NEGRO, FIGURACION Y TRANSCIEGO) | M24: =+VLOOKUP($C$24,'PRESUPUESTO OFICIAL (Entidad)'!$D$13:$I$46,5,FALSE) -> KG | O24: =+VLOOKUP($C$24,'PRESUPUESTO OFICIAL (Entidad)'!$D$13:$I$46,6,FALSE) -> 948.46861
C25: I. EQUIPO
C28: DESCRIPCIÓN | H28: MARCA | J28: TIPO | L28: TARIFA/HORA | M28: RENDIMIENTO | O28: Vr. UNITARIO
C29: HERRAMIENTA MENOR | J29: % | L29: 4.404 | M29: 5 | O29: 220
C30: CIZALLA MANUAL | J30: DIA | L30: 18400 | M30: 0.05 | O30: 920
C31: DOBLADORA MANUAL | J31: DIA | L31: 18400 | M31: 0.05 | O31: 920
C32: SUBTOTAL $ | O32: =SUM(O29:O31) -> 2060
C33: II. MATERIALES
C36: DESCRIPCIÓN | K36: UNIDAD | L36: CANTIDAD | M36: PRECIO UNIT. | O36: Vr. UNITARIO
C37: VARILLA CORRUGADA | K37: ML | L37: 1.87 | M37: 3417 | O37: 6390
C38: ALAMBRE NEGRO No18 | K38: KG | L38: 0.1 | M38: 10000 | O38: 1000
C39: SUBTOTAL $ | O39: =SUM(O37:O38) -> 7390
C40: III. TRANSPORTES
C43: MATERIAL | J43: VOL. o PESO | K43: DISTANCIA | L43: M3 o Ton/Km | M43: TARIFA | O43: Vr. UNITARIO
C46: SUBTOTAL $ | O46: =SUM(O44:O45) -> 0
C47: IV. MANO DE OBRA
C50: TRABAJADOR | J50: JORNAL | K50: PRESTACIONES | L50: JORNAL TOTAL | M50: RENDIMIENTO | O50: Vr. UNITARIO
C51: 4 AYUDANTES | K51: 1.13 | L51: 120117 | M51: 150 | O51: 3203
C52: OFICIAL | K52: 1.13 | L52: 180176 | M52: 150 | O52: 1201
C55: SUBTOTAL $ | O55: =SUM(O51:O54) -> 4404
C57: TOTAL COSTO DIRECTO $ | O57: =+O55+O46+O39+O32 -> 13854
C58: V. COSTOS INDIRECTOS
C61: Descripción | L61: Porcentaje | M61: Valor Total
C62: ADMINISTRACION | L62: 0.3 | M62: =+O57 -> 13854 | O62: =+ROUND(L62*M62,2) -> 4156.2
C63: IMPREVISTOS | L63: 0 | M63: =+O57 -> 13854 | O63: =+ROUND(L63*M63,2) -> 0
C64: UTILIDAD | L64: 0.05 | M64: =+O57 -> 13854 | O64: =+ROUND(L64*M64,2) -> 692.7
C65: SUBTOTAL $ | O65: =SUM(O62:O64) -> 4848.9
C67: Precio Unitario Total Aproximado al peso $ | O67: =+O65+O57 -> 18702.9
H71: Firma
H72: Nombre:
H73: Representante Legal del Contratista o su Apoderado
H74: Matricula No. :
C76: OBSERVACIONES INTERVENTORÍA O SUPERVISIÓN
C80: APROBACIÓN POR INTERVENTORÍA O SUPERVISIÓN
C81: Nota 1: Cuando se trate de Análisis de precios unitarios correspondientes a ítems de la propuesta económica aprobada, el interventor o supervisor aprueba el desglose de los componentes manteniendo el mismo precio unitario de cada ítem, cumpliendo con las especificaciones de construcción vigentes para el proyecto.
C83: Nota 2: Cuando se trate de Análisis de precios unitarios de ítems no previstos, el interventor o supervisor aprueba el desglose y precio unitario de cada ítem no previsto, exigiendo la aplicación de los costos correspondientes a insumos y tarifas de la propuesta económica inicial cuando estén contemplados, cumpliendo con las especificaciones de construcción vigente para el proyecto.
H86: Firma
H87: Nombre:
H88: Representante Legal del Interventor o su apoderado o firma del supervisor
H89: Matricula No. :

Sheet 2,08
B1: Formulario 1 - Propuesta económica - Documento tipo de selección abreviada de menor cuantía - versión 1
B2: Versión: 1 de 21 de agosto de 2025
C5: [La entidad podrá utilizar este formato para la presentación de los análisis de Precios Unitarios del Contratista en la oportunidad prevista en el numeral 8.2. de la invitación]
D8: ALCALDIA DE VILLA DEL ROSARIO
L9: VERSIÓN
D10: CONSTRUCCION DE CUBIERTA PARA EL POLIDERPORTIVO DE LA INSTITUCION EDUCATIVA MEGACOLEGIO LA FRONTERA, VILLA DEL ROSARIO , NORTE DE SANTANDER
L11: PÁGINA | M11: 1 | N11: DE | O11: 1
D13: ANALISIS DE PRECIOS UNITARIOS
L15: FECHA | M15: DD | N15: MM | O15: AA
C17: ÍTEMS DE LA PROPUESTA ECONÓMICA | H17: 2 | I17: =+VLOOKUP(H17,'PRESUPUESTO OFICIAL (Entidad)'!$D$13:$I$46,4,FALSE) -> CIMENTACION
C21: DATOS ESPECÍFICOS
C23: ÍTEM | D23: DESCRIPCIÓN | M23: UNIDAD | O23: CANTIDAD
C24: 2.08 | D24: =+VLOOKUP($C$24,'PRESUPUESTO OFICIAL (Entidad)'!$D$13:$I$46,4,FALSE) -> RELLENO CON MATERIAL SELECCIONADO PROVENIENTE DE LA MISMA EXCAVACION COMPACTADO | M24: =+VLOOKUP($C$24,'PRESUPUESTO OFICIAL (Entidad)'!$D$13:$I$46,5,FALSE) -> M3 | O24: =+VLOOKUP($C$24,'PRESUPUESTO OFICIAL (Entidad)'!$D$13:$I$46,6,FALSE) -> 12.63
C25: I. EQUIPO
C28: DESCRIPCIÓN | H28: MARCA | J28: TIPO | L28: TARIFA/HORA | M28: RENDIMIENTO | O28: Vr. UNITARIO
C29: HERRAMIENTA MENOR | J29: % | L29: 39091 | M29: 10 | O29: 3909
C32: SUBTOTAL $ | O32: =SUM(O29:O31) -> 3909
C33: II. MATERIALES
C36: DESCRIPCIÓN | K36: UNIDAD | L36: CANTIDAD | M36: PRECIO UNIT. | O36: Vr. UNITARIO
C39: SUBTOTAL $ | O39: =SUM(O37:O38) -> 0
C40: III. TRANSPORTES
C43: MATERIAL | J43: VOL. o PESO | K43: DISTANCIA | L43: M3 o Ton/Km | M43: TARIFA | O43: Vr. UNITARIO
C46: SUBTOTAL $ | O46: =SUM(O44:O45) -> 0
C47: IV. MANO DE OBRA
C50: TRABAJADOR | J50: JORNAL | K50: PRESTACIONES | L50: JORNAL TOTAL | M50: RENDIMIENTO | O50: Vr. UNITARIO
C51: 2 AYUDANTE | K51: 1.13 | L51: 120117 | M51: 6.146 | O51: 39091
C55: SUBTOTAL $ | O55: =SUM(O51:O54) -> 39091
C57: TOTAL COSTO DIRECTO $ | O57: =+O55+O46+O39+O32 -> 43000
C58: V. COSTOS INDIRECTOS
C61: Descripción | L61: Porcentaje | M61: Valor Total
C62: ADMINISTRACION | L62: 0.3 | M62: =+O57 -> 43000 | O62: =+ROUND(L62*M62,2) -> 12900
C63: IMPREVISTOS | L63: 0 | M63: =+O57 -> 43000 | O63: =+ROUND(L63*M63,2) -> 0
C64: UTILIDAD | L64: 0.05 | M64: =+O57 -> 43000 | O64: =+ROUND(L64*M64,2) -> 2150
C65: SUBTOTAL $ | O65: =SUM(O62:O64) -> 15050
C67: Precio Unitario Total Aproximado al peso $ | O67: =+O65+O57 -> 58050
H71: Firma
H72: Nombre:
H73: Representante Legal del Contratista o su Apoderado
H74: Matricula No. :
C76: OBSERVACIONES INTERVENTORÍA O SUPERVISIÓN
C80: APROBACIÓN POR INTERVENTORÍA O SUPERVISIÓN
C81: Nota 1: Cuando se trate de Análisis de precios unitarios correspondientes a ítems de la propuesta económica aprobada, el interventor o supervisor aprueba el desglose de los componentes manteniendo el mismo precio unitario de cada ítem, cumpliendo con las especificaciones de construcción vigentes para el proyecto.
C83: Nota 2: Cuando se trate de Análisis de precios unitarios de ítems no previstos, el interventor o supervisor aprueba el desglose y precio unitario de cada ítem no previsto, exigiendo la aplicación de los costos correspondientes a insumos y tarifas de la propuesta económica inicial cuando estén contemplados, cumpliendo con las especificaciones de construcción vigente para el proyecto.
H86: Firma
H87: Nombre:
H88: Representante Legal del Interventor o su apoderado o firma del supervisor
H89: Matricula No. :

Sheet 2,09
B1: Formulario 1 - Propuesta económica - Documento tipo de selección abreviada de menor cuantía - versión 1
B2: Versión: 1 de 21 de agosto de 2025
C5: [La entidad podrá utilizar este formato para la presentación de los análisis de Precios Unitarios del Contratista en la oportunidad prevista en el numeral 8.2. de la invitación]
D8: ALCALDIA DE VILLA DEL ROSARIO
L9: VERSIÓN
D10: CONSTRUCCION DE CUBIERTA PARA EL POLIDERPORTIVO DE LA INSTITUCION EDUCATIVA MEGACOLEGIO LA FRONTERA, VILLA DEL ROSARIO , NORTE DE SANTANDER
L11: PÁGINA | M11: 1 | N11: DE | O11: 1
D13: ANALISIS DE PRECIOS UNITARIOS
L15: FECHA | M15: DD | N15: MM | O15: AA
C17: ÍTEMS DE LA PROPUESTA ECONÓMICA | H17: 2 | I17: =+VLOOKUP(H17,'PRESUPUESTO OFICIAL (Entidad)'!$D$13:$I$46,4,FALSE) -> CIMENTACION
C21: DATOS ESPECÍFICOS
C23: ÍTEM | D23: DESCRIPCIÓN | M23: UNIDAD | O23: CANTIDAD
C24: 2.09 | D24: =+VLOOKUP($C$24,'PRESUPUESTO OFICIAL (Entidad)'!$D$13:$I$46,4,FALSE) -> RETIRO DE SOBRANTES DE CONSTRUCCION (CON ACARREO INTERNO) | M24: =+VLOOKUP($C$24,'PRESUPUESTO OFICIAL (Entidad)'!$D$13:$I$46,5,FALSE) -> M3 | O24: =+VLOOKUP($C$24,'PRESUPUESTO OFICIAL (Entidad)'!$D$13:$I$46,6,FALSE) -> 50.59
C25: I. EQUIPO
C28: DESCRIPCIÓN | H28: MARCA | J28: TIPO | L28: TARIFA/HORA | M28: RENDIMIENTO | O28: Vr. UNITARIO
C29: HERRAMIENTA MNEOR | J29: % | L29: 31133 | M29: 5 | O29: 1557
C32: SUBTOTAL $ | O32: =SUM(O29:O31) -> 1557
C33: II. MATERIALES
C36: DESCRIPCIÓN | K36: UNIDAD | L36: CANTIDAD | M36: PRECIO UNIT. | O36: Vr. UNITARIO
C39: SUBTOTAL $ | O39: =SUM(O37:O38) -> 0
C40: III. TRANSPORTES
C43: MATERIAL | J43: VOL. o PESO | K43: DISTANCIA | L43: M3 o Ton/Km | M43: TARIFA | O43: Vr. UNITARIO
C44: VOLQUETA | L44: 0.18 | M44: 149500 | O44: 26910
C46: SUBTOTAL $ | O46: =SUM(O44:O45) -> 26910
C47: IV. MANO DE OBRA
C50: TRABAJADOR | J50: JORNAL | K50: PRESTACIONES | L50: JORNAL TOTAL | M50: RENDIMIENTO | O50: Vr. UNITARIO
C51: 2 AYUDANTE | K51: 1.13 | L51: 120117 | M51: 7.716 | O51: 31133
C55: SUBTOTAL $ | O55: =SUM(O51:O54) -> 31133
C57: TOTAL COSTO DIRECTO $ | O57: =+O55+O46+O39+O32 -> 59600
C58: V. COSTOS INDIRECTOS
C61: Descripción | L61: Porcentaje | M61: Valor Total
C62: ADMINISTRACION | L62: 0.3 | M62: =+O57 -> 59600 | O62: =+ROUND(L62*M62,2) -> 17880
C63: IMPREVISTOS | L63: 0 | M63: =+O57 -> 59600 | O63: =+ROUND(L63*M63,2) -> 0
C64: UTILIDAD | L64: 0.05 | M64: =+O57 -> 59600 | O64: =+ROUND(L64*M64,2) -> 2980
C65: SUBTOTAL $ | O65: =SUM(O62:O64) -> 20860
C67: Precio Unitario Total Aproximado al peso $ | O67: =+O65+O57 -> 80460
H71: Firma
H72: Nombre:
H73: Representante Legal del Contratista o su Apoderado
H74: Matricula No. :
C76: OBSERVACIONES INTERVENTORÍA O SUPERVISIÓN
C80: APROBACIÓN POR INTERVENTORÍA O SUPERVISIÓN
C81: Nota 1: Cuando se trate de Análisis de precios unitarios correspondientes a ítems de la propuesta económica aprobada, el interventor o supervisor aprueba el desglose de los componentes manteniendo el mismo precio unitario de cada ítem, cumpliendo con las especificaciones de construcción vigentes para el proyecto.
C83: Nota 2: Cuando se trate de Análisis de precios unitarios de ítems no previstos, el interventor o supervisor aprueba el desglose y precio unitario de cada ítem no previsto, exigiendo la aplicación de los costos correspondientes a insumos y tarifas de la propuesta económica inicial cuando estén contemplados, cumpliendo con las especificaciones de construcción vigente para el proyecto.
H86: Firma
H87: Nombre:
H88: Representante Legal del Interventor o su apoderado o firma del supervisor
H89: Matricula No. :

Sheet 2,1
B1: Formulario 1 - Propuesta económica - Documento tipo de selección abreviada de menor cuantía - versión 1
B2: Versión: 1 de 21 de agosto de 2025
C5: [La entidad podrá utilizar este formato para la presentación de los análisis de Precios Unitarios del Contratista en la oportunidad prevista en el numeral 8.2. de la invitación]
D8: ALCALDIA DE VILLA DEL ROSARIO
L9: VERSIÓN
D10: CONSTRUCCION DE CUBIERTA PARA EL POLIDERPORTIVO DE LA INSTITUCION EDUCATIVA MEGACOLEGIO LA FRONTERA, VILLA DEL ROSARIO , NORTE DE SANTANDER
L11: PÁGINA | M11: 1 | N11: DE | O11: 1
D13: ANALISIS DE PRECIOS UNITARIOS
L15: FECHA | M15: DD | N15: MM | O15: AA
C17: ÍTEMS DE LA PROPUESTA ECONÓMICA | H17: 2 | I17: =+VLOOKUP(H17,'PRESUPUESTO OFICIAL (Entidad)'!$D$13:$I$46,4,FALSE) -> CIMENTACION
C21: DATOS ESPECÍFICOS
C23: ÍTEM | D23: DESCRIPCIÓN | M23: UNIDAD | O23: CANTIDAD
C24: 2.1 | D24: =+VLOOKUP($C$24,'PRESUPUESTO OFICIAL (Entidad)'!$D$13:$I$46,4,FALSE) -> PAGO ESCOMBRERA POR GENERACION | M24: =+VLOOKUP($C$24,'PRESUPUESTO OFICIAL (Entidad)'!$D$13:$I$46,5,FALSE) -> M3 | O24: =+VLOOKUP($C$24,'PRESUPUESTO OFICIAL (Entidad)'!$D$13:$I$46,6,FALSE) -> 74.16
C25: I. EQUIPO
C28: DESCRIPCIÓN | H28: MARCA | J28: TIPO | L28: TARIFA/HORA | M28: RENDIMIENTO | O28: Vr. UNITARIO
C32: SUBTOTAL $ | O32: =SUM(O29:O31) -> 0
C33: II. MATERIALES
C36: DESCRIPCIÓN | K36: UNIDAD | L36: CANTIDAD | M36: PRECIO UNIT. | O36: Vr. UNITARIO
C39: SUBTOTAL $ | O39: =SUM(O37:O38) -> 0
C40: III. TRANSPORTES
C43: MATERIAL | J43: VOL. o PESO | K43: DISTANCIA | L43: M3 o Ton/Km | M43: TARIFA | O43: Vr. UNITARIO
C44: GENERACION | O44: 25002
C46: SUBTOTAL $ | O46: =SUM(O44:O45) -> 25002
C47: IV. MANO DE OBRA
C50: TRABAJADOR | J50: JORNAL | K50: PRESTACIONES | L50: JORNAL TOTAL | M50: RENDIMIENTO | O50: Vr. UNITARIO
C55: SUBTOTAL $ | O55: =SUM(O51:O54) -> 0
C57: TOTAL COSTO DIRECTO $ | O57: =+O55+O46+O39+O32 -> 25002
C58: V. COSTOS INDIRECTOS
C61: Descripción | L61: Porcentaje | M61: Valor Total
C62: ADMINISTRACION | L62: 0.3 | M62: =+O57 -> 25002 | O62: =+ROUND(L62*M62,2) -> 7500.6
C63: IMPREVISTOS | L63: 0 | M63: =+O57 -> 25002 | O63: =+ROUND(L63*M63,2) -> 0
C64: UTILIDAD | L64: 0.05 | M64: =+O57 -> 25002 | O64: =+ROUND(L64*M64,2) -> 1250.1
C65: SUBTOTAL $ | O65: =SUM(O62:O64) -> 8750.7
C67: Precio Unitario Total Aproximado al peso $ | O67: =+O65+O57 -> 33752.7
H71: Firma
H72: Nombre:
H73: Representante Legal del Contratista o su Apoderado
H74: Matricula No. :
C76: OBSERVACIONES INTERVENTORÍA O SUPERVISIÓN
C80: APROBACIÓN POR INTERVENTORÍA O SUPERVISIÓN
C81: Nota 1: Cuando se trate de Análisis de precios unitarios correspondientes a ítems de la propuesta económica aprobada, el interventor o supervisor aprueba el desglose de los componentes manteniendo el mismo precio unitario de cada ítem, cumpliendo con las especificaciones de construcción vigentes para el proyecto.
C83: Nota 2: Cuando se trate de Análisis de precios unitarios de ítems no previstos, el interventor o supervisor aprueba el desglose y precio unitario de cada ítem no previsto, exigiendo la aplicación de los costos correspondientes a insumos y tarifas de la propuesta económica inicial cuando estén contemplados, cumpliendo con las especificaciones de construcción vigente para el proyecto.
H86: Firma
H87: Nombre:
H88: Representante Legal del Interventor o su apoderado o firma del supervisor
H89: Matricula No. :

Sheet 2,11
B1: Formulario 1 - Propuesta económica - Documento tipo de selección abreviada de menor cuantía - versión 1
B2: Versión: 1 de 21 de agosto de 2025
C5: [La entidad podrá utilizar este formato para la presentación de los análisis de Precios Unitarios del Contratista en la oportunidad prevista en el numeral 8.2. de la invitación]
D8: ALCALDIA DE VILLA DEL ROSARIO
L9: VERSIÓN
D10: CONSTRUCCION DE CUBIERTA PARA EL POLIDERPORTIVO DE LA INSTITUCION EDUCATIVA MEGACOLEGIO LA FRONTERA, VILLA DEL ROSARIO , NORTE DE SANTANDER
L11: PÁGINA | M11: 1 | N11: DE | O11: 1
D13: ANALISIS DE PRECIOS UNITARIOS
L15: FECHA | M15: DD | N15: MM | O15: AA
C17: ÍTEMS DE LA PROPUESTA ECONÓMICA | H17: 2 | I17: =+VLOOKUP(H17,'PRESUPUESTO OFICIAL (Entidad)'!$D$13:$I$46,4,FALSE) -> CIMENTACION
C21: DATOS ESPECÍFICOS
C23: ÍTEM | D23: DESCRIPCIÓN | M23: UNIDAD | O23: CANTIDAD
C24: 2.11 | D24: =+VLOOKUP($C$24,'PRESUPUESTO OFICIAL (Entidad)'!$D$13:$I$46,4,FALSE) -> PAGO ESCOMBRERA POR DISPOSICION | M24: =+VLOOKUP($C$24,'PRESUPUESTO OFICIAL (Entidad)'!$D$13:$I$46,5,FALSE) -> M3 | O24: =+VLOOKUP($C$24,'PRESUPUESTO OFICIAL (Entidad)'!$D$13:$I$46,6,FALSE) -> 50.59
C25: I. EQUIPO
C28: DESCRIPCIÓN | H28: MARCA | J28: TIPO | L28: TARIFA/HORA | M28: RENDIMIENTO | O28: Vr. UNITARIO
C32: SUBTOTAL $ | O32: =SUM(O29:O31) -> 0
C33: II. MATERIALES
C36: DESCRIPCIÓN | K36: UNIDAD | L36: CANTIDAD | M36: PRECIO UNIT. | O36: Vr. UNITARIO
C39: SUBTOTAL $ | O39: =SUM(O37:O38) -> 0
C40: III. TRANSPORTES
C43: MATERIAL | J43: VOL. o PESO | K43: DISTANCIA | L43: M3 o Ton/Km | M43: TARIFA | O43: Vr. UNITARIO
C44: DISPOSICION | O44: 25002
C46: SUBTOTAL $ | O46: =SUM(O44:O45) -> 25002
C47: IV. MANO DE OBRA
C50: TRABAJADOR | J50: JORNAL | K50: PRESTACIONES | L50: JORNAL TOTAL | M50: RENDIMIENTO | O50: Vr. UNITARIO
C55: SUBTOTAL $ | O55: =SUM(O51:O54) -> 0
C57: TOTAL COSTO DIRECTO $ | O57: =+O55+O46+O39+O32 -> 25002
C58: V. COSTOS INDIRECTOS
C61: Descripción | L61: Porcentaje | M61: Valor Total
C62: ADMINISTRACION | L62: 0.3 | M62: =+O57 -> 25002 | O62: =+ROUND(L62*M62,2) -> 7500.6
C63: IMPREVISTOS | L63: 0 | M63: =+O57 -> 25002 | O63: =+ROUND(L63*M63,2) -> 0
C64: UTILIDAD | L64: 0.05 | M64: =+O57 -> 25002 | O64: =+ROUND(L64*M64,2) -> 1250.1
C65: SUBTOTAL $ | O65: =SUM(O62:O64) -> 8750.7
C67: Precio Unitario Total Aproximado al peso $ | O67: =+O65+O57 -> 33752.7
H71: Firma
H72: Nombre:
H73: Representante Legal del Contratista o su Apoderado
H74: Matricula No. :
C76: OBSERVACIONES INTERVENTORÍA O SUPERVISIÓN
C80: APROBACIÓN POR INTERVENTORÍA O SUPERVISIÓN
C81: Nota 1: Cuando se trate de Análisis de precios unitarios correspondientes a ítems de la propuesta económica aprobada, el interventor o supervisor aprueba el desglose de los componentes manteniendo el mismo precio unitario de cada ítem, cumpliendo con las especificaciones de construcción vigentes para el proyecto.
C83: Nota 2: Cuando se trate de Análisis de precios unitarios de ítems no previstos, el interventor o supervisor aprueba el desglose y precio unitario de cada ítem no previsto, exigiendo la aplicación de los costos correspondientes a insumos y tarifas de la propuesta económica inicial cuando estén contemplados, cumpliendo con las especificaciones de construcción vigente para el proyecto.
H86: Firma
H87: Nombre:
H88: Representante Legal del Interventor o su apoderado o firma del supervisor
H89: Matricula No. :

Sheet 3,01
B1: Formulario 1 - Propuesta económica - Documento tipo de selección abreviada de menor cuantía - versión 1
B2: Versión: 1 de 21 de agosto de 2025
C5: [La entidad podrá utilizar este formato para la presentación de los análisis de Precios Unitarios del Contratista en la oportunidad prevista en el numeral 8.2. de la invitación]
D8: ALCALDIA DE VILLA DEL ROSARIO
L9: VERSIÓN
D10: CONSTRUCCION DE CUBIERTA PARA EL POLIDERPORTIVO DE LA INSTITUCION EDUCATIVA MEGACOLEGIO LA FRONTERA, VILLA DEL ROSARIO , NORTE DE SANTANDER
L11: PÁGINA | M11: 1 | N11: DE | O11: 1
D13: ANALISIS DE PRECIOS UNITARIOS
L15: FECHA | M15: DD | N15: MM | O15: AA
C17: ÍTEMS DE LA PROPUESTA ECONÓMICA | H17: 3 | I17: =+VLOOKUP(H17,'PRESUPUESTO OFICIAL (Entidad)'!$D$13:$I$46,4,FALSE) -> PISOS EN CONCRETO
C21: DATOS ESPECÍFICOS
C23: ÍTEM | D23: DESCRIPCIÓN | M23: UNIDAD | O23: CANTIDAD
C24: 3.01 | D24: =+VLOOKUP($C$24,'PRESUPUESTO OFICIAL (Entidad)'!$D$13:$I$46,4,FALSE) -> PISO EN CONCRETO DE 21 MPA PULIDO e=.10 MT (MALLA ELECTROSOLDADA) | M24: =+VLOOKUP($C$24,'PRESUPUESTO OFICIAL (Entidad)'!$D$13:$I$46,5,FALSE) -> M2 | O24: =+VLOOKUP($C$24,'PRESUPUESTO OFICIAL (Entidad)'!$D$13:$I$46,6,FALSE) -> 10
C25: I. EQUIPO
C28: DESCRIPCIÓN | H28: MARCA | J28: TIPO | L28: TARIFA/HORA | M28: RENDIMIENTO | O28: Vr. UNITARIO
C29: HERRAMIENTA MENOR | J29: % | L29: 45044 | M29: 10 | O29: 4504
C30: FORMALETA EN MADERA | J30: UND | L30: 13500 | M30: 0.2 | O30: 2700
C31: LLANADORA MECANICA | J31: DIA | L31: 135000 | M31: 120 | O31: 1125
C32: SUBTOTAL $ | O32: =SUM(O29:O31) -> 8329
C33: II. MATERIALES
C36: DESCRIPCIÓN | K36: UNIDAD | L36: CANTIDAD | M36: PRECIO UNIT. | O36: Vr. UNITARIO
C37: CONCRETO DE 3000PSI | K37: M3 | L37: 0.11 | M37: 681826 | O37: 75001
C38: FIBRA SINTETICA | K38: KG | L38: 1.2 | M38: 42290 | O38: 50749
C39: ROCKTOP | K39: KG | L39: 3 | M39: 833 | O39: 2500
C40: HIERRO DE ANCLAJE | K40: KG | L40: 0.2 | M40: 13854 | O40: 2771
C41: MALLA ELECTROSOLDADA | K41: M2 | L41: 1.2 | M41: 6000 | O41: 7200
C42: SUBTOTAL $ | O42: =SUM(O37:O41) -> 138221
C43: III. TRANSPORTES
C46: MATERIAL | J46: VOL. o PESO | K46: DISTANCIA | L46: M3 o Ton/Km | M46: TARIFA | O46: Vr. UNITARIO
C49: SUBTOTAL $ | O49: =SUM(O47:O48) -> 0
C50: IV. MANO DE OBRA
C53: TRABAJADOR | J53: JORNAL | K53: PRESTACIONES | L53: JORNAL TOTAL | M53: RENDIMIENTO | O53: Vr. UNITARIO
C54: 3 AYUDANTE | K54: 1.13 | L54: 120117 | M54: 12 | O54: 30029
C55: OFICIAL | K55: 1.13 | L55: 180176 | M55: 12 | O55: 15015
C58: SUBTOTAL $ | O58: =SUM(O54:O57) -> 45044
C60: TOTAL COSTO DIRECTO $ | O60: =+O58+O49+O42+O32 -> 191594
C61: V. COSTOS INDIRECTOS
C64: Descripción | L64: Porcentaje | M64: Valor Total
C65: ADMINISTRACION | L65: 0.3 | M65: =+O60 -> 191594 | O65: =+ROUND(L65*M65,2) -> 57478.2
C66: IMPREVISTOS | L66: 0 | M66: =+O60 -> 191594 | O66: =+ROUND(L66*M66,2) -> 0
C67: UTILIDAD | L67: 0.05 | M67: =+O60 -> 191594 | O67: =+ROUND(L67*M67,2) -> 9579.7
C68: SUBTOTAL $ | O68: =SUM(O65:O67) -> 67057.9
C70: Precio Unitario Total Aproximado al peso $ | O70: =+O68+O60 -> 258651.9
H74: Firma
H75: Nombre:
H76: Representante Legal del Contratista o su Apoderado
H77: Matricula No. :
C79: OBSERVACIONES INTERVENTORÍA O SUPERVISIÓN
C83: APROBACIÓN POR INTERVENTORÍA O SUPERVISIÓN
C84: Nota 1: Cuando se trate de Análisis de precios unitarios correspondientes a ítems de la propuesta económica aprobada, el interventor o supervisor aprueba el desglose de los componentes manteniendo el mismo precio unitario de cada ítem, cumpliendo con las especificaciones de construcción vigentes para el proyecto.
C86: Nota 2: Cuando se trate de Análisis de precios unitarios de ítems no previstos, el interventor o supervisor aprueba el desglose y precio unitario de cada ítem no previsto, exigiendo la aplicación de los costos correspondientes a insumos y tarifas de la propuesta económica inicial cuando estén contemplados, cumpliendo con las especificaciones de construcción vigente para el proyecto.
H89: Firma
H90: Nombre:
H91: Representante Legal del Interventor o su apoderado o firma del supervisor
H92: Matricula No. :

Sheet 3,02
B1: Formulario 1 - Propuesta económica - Documento tipo de selección abreviada de menor cuantía - versión 1
B2: Versión: 1 de 21 de agosto de 2025
C5: [La entidad podrá utilizar este formato para la presentación de los análisis de Precios Unitarios del Contratista en la oportunidad prevista en el numeral 8.2. de la invitación]
D8: ALCALDIA DE VILLA DEL ROSARIO
L9: VERSIÓN
D10: CONSTRUCCION DE CUBIERTA PARA EL POLIDERPORTIVO DE LA INSTITUCION EDUCATIVA MEGACOLEGIO LA FRONTERA, VILLA DEL ROSARIO , NORTE DE SANTANDER
L11: PÁGINA | M11: 1 | N11: DE | O11: 1
D13: ANALISIS DE PRECIOS UNITARIOS
L15: FECHA | M15: DD | N15: MM | O15: AA
C17: ÍTEMS DE LA PROPUESTA ECONÓMICA | H17: 3 | I17: =+VLOOKUP(H17,'PRESUPUESTO OFICIAL (Entidad)'!$D$13:$I$46,4,FALSE) -> PISOS EN CONCRETO
C21: DATOS ESPECÍFICOS
C23: ÍTEM | D23: DESCRIPCIÓN | M23: UNIDAD | O23: CANTIDAD
C24: 3.02 | D24: =+VLOOKUP($C$24,'PRESUPUESTO OFICIAL (Entidad)'!$D$13:$I$46,4,FALSE) -> ANTEPISO EN CONCRETO DE 21 MPA e= .07 MT | M24: =+VLOOKUP($C$24,'PRESUPUESTO OFICIAL (Entidad)'!$D$13:$I$46,5,FALSE) -> M2 | O24: =+VLOOKUP($C$24,'PRESUPUESTO OFICIAL (Entidad)'!$D$13:$I$46,6,FALSE) -> 10
C25: I. EQUIPO
C28: DESCRIPCIÓN | H28: MARCA | J28: TIPO | L28: TARIFA/HORA | M28: RENDIMIENTO | O28: Vr. UNITARIO
C29: CONCRETO 3000PSI | J29: M3 | L29: 681826.85 | M29: 0.075 | O29: 51137
C32: SUBTOTAL $ | O32: =SUM(O29:O31) -> 51137
C33: II. MATERIALES
C36: DESCRIPCIÓN | K36: UNIDAD | L36: CANTIDAD | M36: PRECIO UNIT. | O36: Vr. UNITARIO
C37: HERRAMIENTA MENOR | K37: % | L37: 10 | M37: 27027 | O37: 2703
C38: VIBRADOR A GASOLIMA | K38: DIA | L38: 0.01 | M38: 60000 | O38: 600
C39: SUBTOTAL $ | O39: =SUM(O37:O38) -> 3303
C40: III. TRANSPORTES
C43: MATERIAL | J43: VOL. o PESO | K43: DISTANCIA | L43: M3 o Ton/Km | M43: TARIFA | O43: Vr. UNITARIO
C46: SUBTOTAL $ | O46: =SUM(O44:O45) -> 0
C47: IV. MANO DE OBRA
C50: TRABAJADOR | J50: JORNAL | K50: PRESTACIONES | L50: JORNAL TOTAL | M50: RENDIMIENTO | O50: Vr. UNITARIO
C51: 3 AYUDANTE | K51: 1.13 | L51: 120117 | M51: 20 | O51: 18018
C52: OFICIAL | K52: 1.13 | L52: 180176 | M52: 20 | O52: 9009
C55: SUBTOTAL $ | O55: =SUM(O51:O54) -> 27027
C57: TOTAL COSTO DIRECTO $ | O57: =+O55+O46+O39+O32 -> 81467
C58: V. COSTOS INDIRECTOS
C61: Descripción | L61: Porcentaje | M61: Valor Total
C62: ADMINISTRACION | L62: 0.3 | M62: =+O57 -> 81467 | O62: =+ROUND(L62*M62,2) -> 24440.1
C63: IMPREVISTOS | L63: 0 | M63: =+O57 -> 81467 | O63: =+ROUND(L63*M63,2) -> 0
C64: UTILIDAD | L64: 0.05 | M64: =+O57 -> 81467 | O64: =+ROUND(L64*M64,2) -> 4073.35
C65: SUBTOTAL $ | O65: =SUM(O62:O64) -> 28513.45
C67: Precio Unitario Total Aproximado al peso $ | O67: =+O65+O57 -> 109980.45
H71: Firma
H72: Nombre:
H73: Representante Legal del Contratista o su Apoderado
H74: Matricula No. :
C76: OBSERVACIONES INTERVENTORÍA O SUPERVISIÓN
C80: APROBACIÓN POR INTERVENTORÍA O SUPERVISIÓN
C81: Nota 1: Cuando se trate de Análisis de precios unitarios correspondientes a ítems de la propuesta económica aprobada, el interventor o supervisor aprueba el desglose de los componentes manteniendo el mismo precio unitario de cada ítem, cumpliendo con las especificaciones de construcción vigentes para el proyecto.
C83: Nota 2: Cuando se trate de Análisis de precios unitarios de ítems no previstos, el interventor o supervisor aprueba el desglose y precio unitario de cada ítem no previsto, exigiendo la aplicación de los costos correspondientes a insumos y tarifas de la propuesta económica inicial cuando estén contemplados, cumpliendo con las especificaciones de construcción vigente para el proyecto.
H86: Firma
H87: Nombre:
H88: Representante Legal del Interventor o su apoderado o firma del supervisor
H89: Matricula No. :

Sheet 4,01
B1: Formulario 1 - Propuesta económica - Documento tipo de selección abreviada de menor cuantía - versión 1
B2: Versión: 1 de 21 de agosto de 2025
C5: [La entidad podrá utilizar este formato para la presentación de los análisis de Precios Unitarios del Contratista en la oportunidad prevista en el numeral 8.2. de la invitación]
D8: ALCALDIA DE VILLA DEL ROSARIO
L9: VERSIÓN
D10: CONSTRUCCION DE CUBIERTA PARA EL POLIDERPORTIVO DE LA INSTITUCION EDUCATIVA MEGACOLEGIO LA FRONTERA, VILLA DEL ROSARIO , NORTE DE SANTANDER
L11: PÁGINA | M11: 1 | N11: DE | O11: 1
D13: ANALISIS DE PRECIOS UNITARIOS
L15: FECHA | M15: DD | N15: MM | O15: AA
C17: ÍTEMS DE LA PROPUESTA ECONÓMICA | H17: 4 | I17: =+VLOOKUP(H17,'PRESUPUESTO OFICIAL (Entidad)'!$D$13:$I$46,4,FALSE) -> CUBIERTA METALICA
C21: DATOS ESPECÍFICOS
C23: ÍTEM | D23: DESCRIPCIÓN | M23: UNIDAD | O23: CANTIDAD
C24: 4.01 | D24: =+VLOOKUP($C$24,'PRESUPUESTO OFICIAL (Entidad)'!$D$13:$I$46,4,FALSE) -> PLATINA ANCLAJES PISO DE 35*35 CMS POR 3/8" | M24: =+VLOOKUP($C$24,'PRESUPUESTO OFICIAL (Entidad)'!$D$13:$I$46,5,FALSE) -> UND | O24: =+VLOOKUP($C$24,'PRESUPUESTO OFICIAL (Entidad)'!$D$13:$I$46,6,FALSE) -> 10
C25: I. EQUIPO
C28: DESCRIPCIÓN | H28: MARCA | J28: TIPO | L28: TARIFA/HORA | M28: RENDIMIENTO | O28: Vr. UNITARIO
C29: HERRAMIENTA MENOR | J29: % | L29: 213542 | M29: 10 | O29: 21354
C30: EQUIPO DE SOLDADURA | J30: DIA | L30: 138000 | M30: 0.07 | O30: 9660
C32: SUBTOTAL $ | O32: =SUM(O29:O31) -> 31014
C33: II. MATERIALES
C36: DESCRIPCIÓN | K36: UNIDAD | L36: CANTIDAD | M36: PRECIO UNIT. | O36: Vr. UNITARIO
C37: LAMINA 3/8 | K37: M2 | L37: 0.26 | M37: 400000 | O37: 103680
C38: TORNILLO GRADO 8 DE 5/8 | K38: UND | L38: 6 | M38: 5360 | O38: 32160
C39: SIKA GRAUTE | K39: KG | L39: 6 | M39: 3500 | O39: 21000
C40: SOLDADURA 6011 | K40: KG | L40: 1.05 | M40: 33115 | O40: 34771
C41: TUERCA DE 5/8 | K41: UND | L41: 6 | M41: 600 | O41: 3600
C42: SUBTOTAL $ | O42: =SUM(O37:O41) -> 195211
C43: III. TRANSPORTES
C46: MATERIAL | J46: VOL. o PESO | K46: DISTANCIA | L46: M3 o Ton/Km | M46: TARIFA | O46: Vr. UNITARIO
C49: SUBTOTAL $ | O49: =SUM(O47:O48) -> 0
C50: IV. MANO DE OBRA
C53: TRABAJADOR | J53: JORNAL | K53: PRESTACIONES | L53: JORNAL TOTAL | M53: RENDIMIENTO | O53: Vr. UNITARIO
C54: AYUDANTE ESPECIALIZADO | K54: 1.13 | L54: 114141 | M54: 1.8 | O54: 80078
C55: OFICIAL ESPECIALIZADO | K55: 1.13 | L55: 240235 | M55: 1.8 | O55: 133464
C58: SUBTOTAL $ | O58: =SUM(O54:O57) -> 213542
C60: TOTAL COSTO DIRECTO $ | O60: =+O58+O49+O42+O32 -> 439767
C61: V. COSTOS INDIRECTOS
C64: Descripción | L64: Porcentaje | M64: Valor Total
C65: ADMINISTRACION | L65: 0.3 | M65: =+O60 -> 439767 | O65: =+ROUND(L65*M65,2) -> 131930.1
C66: IMPREVISTOS | L66: 0 | M66: =+O60 -> 439767 | O66: =+ROUND(L66*M66,2) -> 0
C67: UTILIDAD | L67: 0.05 | M67: =+O60 -> 439767 | O67: =+ROUND(L67*M67,2) -> 21988.35
C68: SUBTOTAL $ | O68: =SUM(O65:O67) -> 153918.45
C70: Precio Unitario Total Aproximado al peso $ | O70: =+O68+O60 -> 593685.45
H74: Firma
H75: Nombre:
H76: Representante Legal del Contratista o su Apoderado
H77: Matricula No. :
C79: OBSERVACIONES INTERVENTORÍA O SUPERVISIÓN
C83: APROBACIÓN POR INTERVENTORÍA O SUPERVISIÓN
C84: Nota 1: Cuando se trate de Análisis de precios unitarios correspondientes a ítems de la propuesta económica aprobada, el interventor o supervisor aprueba el desglose de los componentes manteniendo el mismo precio unitario de cada ítem, cumpliendo con las especificaciones de construcción vigentes para el proyecto.
C86: Nota 2: Cuando se trate de Análisis de precios unitarios de ítems no previstos, el interventor o supervisor aprueba el desglose y precio unitario de cada ítem no previsto, exigiendo la aplicación de los costos correspondientes a insumos y tarifas de la propuesta económica inicial cuando estén contemplados, cumpliendo con las especificaciones de construcción vigente para el proyecto.
H89: Firma
H90: Nombre:
H91: Representante Legal del Interventor o su apoderado o firma del supervisor
H92: Matricula No. :

Sheet 4,02
B1: Formulario 1 - Propuesta económica - Documento tipo de selección abreviada de menor cuantía - versión 1
B2: Versión: 1 de 21 de agosto de 2025
C5: [La entidad podrá utilizar este formato para la presentación de los análisis de Precios Unitarios del Contratista en la oportunidad prevista en el numeral 8.2. de la invitación]
D8: ALCALDIA DE VILLA DEL ROSARIO
L9: VERSIÓN
D10: CONSTRUCCION DE CUBIERTA PARA EL POLIDERPORTIVO DE LA INSTITUCION EDUCATIVA MEGACOLEGIO LA FRONTERA, VILLA DEL ROSARIO , NORTE DE SANTANDER
L11: PÁGINA | M11: 1 | N11: DE | O11: 1
D13: ANALISIS DE PRECIOS UNITARIOS
L15: FECHA | M15: DD | N15: MM | O15: AA
C17: ÍTEMS DE LA PROPUESTA ECONÓMICA | H17: 4 | I17: =+VLOOKUP(H17,'PRESUPUESTO OFICIAL (Entidad)'!$D$13:$I$46,4,FALSE) -> CUBIERTA METALICA
C21: DATOS ESPECÍFICOS
C23: ÍTEM | D23: DESCRIPCIÓN | M23: UNIDAD | O23: CANTIDAD
C24: 4.02 | D24: =+VLOOKUP($C$24,'PRESUPUESTO OFICIAL (Entidad)'!$D$13:$I$46,4,FALSE) -> COLUMNA EN PERFIL TUBULAR DE 200*200* 5 mm SEGÚN DISEÑO ESTRUCTURAL, INCLUYE ANCLAJES CONTRAVIENTOS | M24: =+VLOOKUP($C$24,'PRESUPUESTO OFICIAL (Entidad)'!$D$13:$I$46,5,FALSE) -> KG | O24: =+VLOOKUP($C$24,'PRESUPUESTO OFICIAL (Entidad)'!$D$13:$I$46,6,FALSE) -> 3703.03
C25: I. EQUIPO
C28: DESCRIPCIÓN | H28: MARCA | J28: TIPO | L28: TARIFA/HORA | M28: RENDIMIENTO | O28: Vr. UNITARIO
C29: HERRAMIENTA MENOR | J29: % | L29: 2937 | M29: 5 | O29: 147
C30: EQUIPO DE SOLDADURA | J30: DIA | L30: 70000 | M30: 0.02 | O30: 1400
C31: ANDAMIO | J31: DIA | L31: 60000 | M31: 0.01 | O31: 600
C32: SUBTOTAL $ | O32: =SUM(O29:O31) -> 2147
C33: II. MATERIALES
C36: DESCRIPCIÓN | K36: UNIDAD | L36: CANTIDAD | M36: PRECIO UNIT. | O36: Vr. UNITARIO
C37: TUBO DE 200*200 CAL 5 mm | K37: KG | L37: 0.095 | M37: 8027 | O37: 762
C38: TUBO DE 150*150 CAL 4 mm | K38: KG | L38: 0.03 | M38: 6200 | O38: 186
C39: TUBO 70*70 CAL 2.5 mm | K39: KG | L39: 0.01 | M39: 1400 | O39: 14
C40: SOLDADURA 7018 | K40: KG | L40: 0.05 | M40: 33115 | O40: 1656
C41: LAMINA DE 3/8 | K41: M2 | L41: 0.005 | M41: 400000 | O41: 2000
C42: ANTICORROSIVO | K42: GL | L42: 0.01 | M42: 80000 | O42: 800
C43: LIJAS | K43: PLIEGO | L43: 1 | M43: 2200 | O43: 2200
C44: DISCO DE PULIR | K44: UND | L44: 0.1 | M44: 31900 | O44: 3190
C45: THINNER | K45: GL | L45: 0.01 | M45: 36000 | O45: 360
C46: DISCO DE CORTE | K46: UND | L46: 0.31116849 | M46: 24900 | O46: 7748
C47: SUBTOTAL $ | O47: =SUM(O37:O46) -> 18916
C48: III. TRANSPORTES
C51: MATERIAL | J51: VOL. o PESO | K51: DISTANCIA | L51: M3 o Ton/Km | M51: TARIFA | O51: Vr. UNITARIO
C54: SUBTOTAL $ | O54: =SUM(O52:O53) -> 0
C55: IV. MANO DE OBRA
C58: TRABAJADOR | J58: JORNAL | K58: PRESTACIONES | L58: JORNAL TOTAL | M58: RENDIMIENTO | O58: Vr. UNITARIO
C59: 2 AYUDANTE ESPECIALIDAD | K59: 113 | L59: 144141 | M59: 180 | O59: 1602
C60: OFICIAL ESPECIALIDAD | K60: 113 | L60: 240235 | M60: 180 | O60: 1335
C63: SUBTOTAL $ | O63: =SUM(O59:O62) -> 2937
C65: TOTAL COSTO DIRECTO $ | O65: =+O63+O54+O47+O32 -> 24000
C66: V. COSTOS INDIRECTOS
C69: Descripción | L69: Porcentaje | M69: Valor Total
C70: ADMINISTRACION | L70: 0.3 | M70: =+O65 -> 24000 | O70: =+ROUND(L70*M70,2) -> 7200
C71: IMPREVISTOS | L71: 0 | M71: =+O65 -> 24000 | O71: =+ROUND(L71*M71,2) -> 0
C72: UTILIDAD | L72: 0.05 | M72: =+O65 -> 24000 | O72: =+ROUND(L72*M72,2) -> 1200
C73: SUBTOTAL $ | O73: =SUM(O70:O72) -> 8400
C75: Precio Unitario Total Aproximado al peso $ | O75: =+O73+O65 -> 32400
H79: Firma
H80: Nombre:
H81: Representante Legal del Contratista o su Apoderado
H82: Matricula No. :
C84: OBSERVACIONES INTERVENTORÍA O SUPERVISIÓN
C88: APROBACIÓN POR INTERVENTORÍA O SUPERVISIÓN
C89: Nota 1: Cuando se trate de Análisis de precios unitarios correspondientes a ítems de la propuesta económica aprobada, el interventor o supervisor aprueba el desglose de los componentes manteniendo el mismo precio unitario de cada ítem, cumpliendo con las especificaciones de construcción vigentes para el proyecto.
C91: Nota 2: Cuando se trate de Análisis de precios unitarios de ítems no previstos, el interventor o supervisor aprueba el desglose y precio unitario de cada ítem no previsto, exigiendo la aplicación de los costos correspondientes a insumos y tarifas de la propuesta económica inicial cuando estén contemplados, cumpliendo con las especificaciones de construcción vigente para el proyecto.
H94: Firma
H95: Nombre:
H96: Representante Legal del Interventor o su apoderado o firma del supervisor
H97: Matricula No. :

Sheet 4,03
B1: Formulario 1 - Propuesta económica - Documento tipo de selección abreviada de menor cuantía - versión 1
B2: Versión: 1 de 21 de agosto de 2025
C5: [La entidad podrá utilizar este formato para la presentación de los análisis de Precios Unitarios del Contratista en la oportunidad prevista en el numeral 8.2. de la invitación]
D8: ALCALDIA DE VILLA DEL ROSARIO
L9: VERSIÓN
D10: CONSTRUCCION DE CUBIERTA PARA EL POLIDERPORTIVO DE LA INSTITUCION EDUCATIVA MEGACOLEGIO LA FRONTERA, VILLA DEL ROSARIO , NORTE DE SANTANDER
L11: PÁGINA | M11: 1 | N11: DE | O11: 1
D13: ANALISIS DE PRECIOS UNITARIOS
L15: FECHA | M15: DD | N15: MM | O15: AA
C17: ÍTEMS DE LA PROPUESTA ECONÓMICA | H17: 4 | I17: =+VLOOKUP(H17,'PRESUPUESTO OFICIAL (Entidad)'!$D$13:$I$46,4,FALSE) -> CUBIERTA METALICA
C21: DATOS ESPECÍFICOS
C23: ÍTEM | D23: DESCRIPCIÓN | M23: UNIDAD | O23: CANTIDAD
C24: 4.03 | D24: =+VLOOKUP($C$24,'PRESUPUESTO OFICIAL (Entidad)'!$D$13:$I$46,4,FALSE) -> ESTRUCTURA METALICA EN ANGULOS SEGÚN DISEÑO ESTRUCUTURAL, INCLUYE ANCLAJES CONTRAVIENTOS, TENSORES, SOLDADURA Y TRASIEGO | M24: =+VLOOKUP($C$24,'PRESUPUESTO OFICIAL (Entidad)'!$D$13:$I$46,5,FALSE) -> KG | O24: =+VLOOKUP($C$24,'PRESUPUESTO OFICIAL (Entidad)'!$D$13:$I$46,6,FALSE) -> 4649.82
C25: I. EQUIPO
C28: DESCRIPCIÓN | H28: MARCA | J28: TIPO | L28: TARIFA/HORA | M28: RENDIMIENTO | O28: Vr. UNITARIO
C29: HERRAMIENTA MENOR | J29: % | L29: 3737 | M29: 5 | O29: 187
C30: EQUIPO DE SOLDADURA | J30: DIA | L30: 70000 | M30: 0.002 | O30: 140
C31: ANDAMIO | J31: DIA | L31: 60000 | M31: 0.01 | O31: 600
C32: SUBTOTAL $ | O32: =SUM(O29:O31) -> 927
C33: II. MATERIALES
C36: DESCRIPCIÓN | K36: UNIDAD | L36: CANTIDAD | M36: PRECIO UNIT. | O36: Vr. UNITARIO
C37: ANGULO DE 1 1/2* 1/8 | K37: KG | L37: 1.05 | M37: 4881 | O37: 5125
C38: SOLDADURA 7018 | K38: KG | L38: 0.05 | M38: 8070 | O38: 403.5
C39: LAMINA DE 3/8 | K39: M2 | L39: 0.05 | M39: 1850 | O39: 92.5
C40: ANTICORROSIVO | K40: GL | L40: 0.01 | M40: 80000 | O40: 800
C41: LIJAS | K41: PLIEGO | L41: 1 | M41: 2200 | O41: 2200
C42: DISCO DE PULIR | K42: UND | L42: 0.1 | M42: 31900 | O42: 3190
C43: THINNER | K43: GL | L43: 0.01 | M43: 36000 | O43: 360
C44: DISCO DE CORTE | K44: UND | L44: 0.28772911 | M44: 24900 | O44: 7165
C46: SUBTOTAL $ | O46: =SUM(O37:O45) -> 19336
C47: III. TRANSPORTES
C50: MATERIAL | J50: VOL. o PESO | K50: DISTANCIA | L50: M3 o Ton/Km | M50: TARIFA | O50: Vr. UNITARIO
C53: SUBTOTAL $ | O53: =SUM(O51:O52) -> 0
C54: IV. MANO DE OBRA
C57: TRABAJADOR | J57: JORNAL | K57: PRESTACIONES | L57: JORNAL TOTAL | M57: RENDIMIENTO | O57: Vr. UNITARIO
C58: 3 AYUDANTE ESPECIALIDAD | K58: 113 | L58: 144141 | M58: 180 | O58: 2402
C59: OFICIAL ESPECIALIDAD | K59: 113 | L59: 240235 | M59: 180 | O59: 1335
C62: SUBTOTAL $ | O62: =SUM(O58:O61) -> 3737
C64: TOTAL COSTO DIRECTO $ | O64: =+O62+O53+O46+O32 -> 24000
C65: V. COSTOS INDIRECTOS
C68: Descripción | L68: Porcentaje | M68: Valor Total
C69: ADMINISTRACION | L69: 0.3 | M69: =+O64 -> 24000 | O69: =+ROUND(L69*M69,2) -> 7200
C70: IMPREVISTOS | L70: 0 | M70: =+O64 -> 24000 | O70: =+ROUND(L70*M70,2) -> 0
C71: UTILIDAD | L71: 0.05 | M71: =+O64 -> 24000 | O71: =+ROUND(L71*M71,2) -> 1200
C72: SUBTOTAL $ | O72: =SUM(O69:O71) -> 8400
C74: Precio Unitario Total Aproximado al peso $ | O74: =+O72+O64 -> 32400
H78: Firma
H79: Nombre:
H80: Representante Legal del Contratista o su Apoderado
H81: Matricula No. :
C83: OBSERVACIONES INTERVENTORÍA O SUPERVISIÓN
C87: APROBACIÓN POR INTERVENTORÍA O SUPERVISIÓN
C88: Nota 1: Cuando se trate de Análisis de precios unitarios correspondientes a ítems de la propuesta económica aprobada, el interventor o supervisor aprueba el desglose de los componentes manteniendo el mismo precio unitario de cada ítem, cumpliendo con las especificaciones de construcción vigentes para el proyecto.
C90: Nota 2: Cuando se trate de Análisis de precios unitarios de ítems no previstos, el interventor o supervisor aprueba el desglose y precio unitario de cada ítem no previsto, exigiendo la aplicación de los costos correspondientes a insumos y tarifas de la propuesta económica inicial cuando estén contemplados, cumpliendo con las especificaciones de construcción vigente para el proyecto.
H93: Firma
H94: Nombre:
H95: Representante Legal del Interventor o su apoderado o firma del supervisor
H96: Matricula No. :

Sheet 4,04
B1: Formulario 1 - Propuesta económica - Documento tipo de selección abreviada de menor cuantía - versión 1
B2: Versión: 1 de 21 de agosto de 2025
C5: [La entidad podrá utilizar este formato para la presentación de los análisis de Precios Unitarios del Contratista en la oportunidad prevista en el numeral 8.2. de la invitación]
D8: ALCALDIA DE VILLA DEL ROSARIO
L9: VERSIÓN
D10: CONSTRUCCION DE CUBIERTA PARA EL POLIDERPORTIVO DE LA INSTITUCION EDUCATIVA MEGACOLEGIO LA FRONTERA, VILLA DEL ROSARIO , NORTE DE SANTANDER
L11: PÁGINA | M11: 1 | N11: DE | O11: 1
D13: ANALISIS DE PRECIOS UNITARIOS
L15: FECHA | M15: DD | N15: MM | O15: AA
C17: ÍTEMS DE LA PROPUESTA ECONÓMICA | H17: 4 | I17: =+VLOOKUP(H17,'PRESUPUESTO OFICIAL (Entidad)'!$D$13:$I$46,4,FALSE) -> CUBIERTA METALICA
C21: DATOS ESPECÍFICOS
C23: ÍTEM | D23: DESCRIPCIÓN | M23: UNIDAD | O23: CANTIDAD
C24: 4.04 | D24: =+VLOOKUP($C$24,'PRESUPUESTO OFICIAL (Entidad)'!$D$13:$I$46,4,FALSE) -> CORREAS TIPO PHR 100*50*2.5 mm INCLUYE ANCLAJE , PLATINA , SOLDADURA Y TRASIEGO | M24: =+VLOOKUP($C$24,'PRESUPUESTO OFICIAL (Entidad)'!$D$13:$I$46,5,FALSE) -> ML | O24: =+VLOOKUP($C$24,'PRESUPUESTO OFICIAL (Entidad)'!$D$13:$I$46,6,FALSE) -> 477
C25: I. EQUIPO
C28: DESCRIPCIÓN | H28: MARCA | J28: TIPO | L28: TARIFA/HORA | M28: RENDIMIENTO | O28: Vr. UNITARIO
C29: HERRAMIENTA MENOR | J29: % | L29: 16016 | M29: 10 | O29: 1602
C30: EQUIPO DE SOLDADURA | J30: DIA | L30: 70000 | M30: 0.05 | O30: 3500
C31: ANDAMIO | J31: DIA | L31: 60000 | M31: 0.06 | O31: 3600
C32: SUBTOTAL $ | O32: =SUM(O29:O31) -> 8702
C33: II. MATERIALES
C36: DESCRIPCIÓN | K36: UNIDAD | L36: CANTIDAD | M36: PRECIO UNIT. | O36: Vr. UNITARIO
C37: CORREAS 100*50*2.5 mm | K37: ML | L37: 1.06 | M37: 53746 | O37: 56971
C38: SOLDADURA 6011 *1/8 | K38: KG | L38: 0.19 | M38: 33115 | O38: 6311
C39: SUBTOTAL $ | O39: =SUM(O37:O38) -> 63282
C40: III. TRANSPORTES
C43: MATERIAL | J43: VOL. o PESO | K43: DISTANCIA | L43: M3 o Ton/Km | M43: TARIFA | O43: Vr. UNITARIO
C46: SUBTOTAL $ | O46: =SUM(O44:O45) -> 0
C47: IV. MANO DE OBRA
C50: TRABAJADOR | J50: JORNAL | K50: PRESTACIONES | L50: JORNAL TOTAL | M50: RENDIMIENTO | O50: Vr. UNITARIO
C51: 3 AYUDANTE ESPECIALIZADO | K51: 113 | L51: 144141 | M51: 42 | O51: 10296
C52: OFICIAL ESPECIALIZADO | K52: 113 | L52: 240235 | M52: 42 | O52: 5720
C55: SUBTOTAL $ | O55: =SUM(O51:O54) -> 16016
C57: TOTAL COSTO DIRECTO $ | O57: =+O55+O46+O39+O32 -> 88000
C58: V. COSTOS INDIRECTOS
C61: Descripción | L61: Porcentaje | M61: Valor Total
C62: ADMINISTRACION | L62: 0.3 | M62: =+O57 -> 88000 | O62: =+ROUND(L62*M62,2) -> 26400
C63: IMPREVISTOS | L63: 0 | M63: =+O57 -> 88000 | O63: =+ROUND(L63*M63,2) -> 0
C64: UTILIDAD | L64: 0.05 | M64: =+O57 -> 88000 | O64: =+ROUND(L64*M64,2) -> 4400
C65: SUBTOTAL $ | O65: =SUM(O62:O64) -> 30800
C67: Precio Unitario Total Aproximado al peso $ | O67: =+O65+O57 -> 118800
H71: Firma
H72: Nombre:
H73: Representante Legal del Contratista o su Apoderado
H74: Matricula No. :
C76: OBSERVACIONES INTERVENTORÍA O SUPERVISIÓN
C80: APROBACIÓN POR INTERVENTORÍA O SUPERVISIÓN
C81: Nota 1: Cuando se trate de Análisis de precios unitarios correspondientes a ítems de la propuesta económica aprobada, el interventor o supervisor aprueba el desglose de los componentes manteniendo el mismo precio unitario de cada ítem, cumpliendo con las especificaciones de construcción vigentes para el proyecto.
C83: Nota 2: Cuando se trate de Análisis de precios unitarios de ítems no previstos, el interventor o supervisor aprueba el desglose y precio unitario de cada ítem no previsto, exigiendo la aplicación de los costos correspondientes a insumos y tarifas de la propuesta económica inicial cuando estén contemplados, cumpliendo con las especificaciones de construcción vigente para el proyecto.
H86: Firma
H87: Nombre:
H88: Representante Legal del Interventor o su apoderado o firma del supervisor
H89: Matricula No. :

Sheet 4,05
B1: Formulario 1 - Propuesta económica - Documento tipo de selección abreviada de menor cuantía - versión 1
B2: Versión: 1 de 21 de agosto de 2025
C5: [La entidad podrá utilizar este formato para la presentación de los análisis de Precios Unitarios del Contratista en la oportunidad prevista en el numeral 8.2. de la invitación]
D8: ALCALDIA DE VILLA DEL ROSARIO
L9: VERSIÓN
D10: CONSTRUCCION DE CUBIERTA PARA EL POLIDERPORTIVO DE LA INSTITUCION EDUCATIVA MEGACOLEGIO LA FRONTERA, VILLA DEL ROSARIO , NORTE DE SANTANDER
L11: PÁGINA | M11: 1 | N11: DE | O11: 1
D13: ANALISIS DE PRECIOS UNITARIOS
L15: FECHA | M15: DD | N15: MM | O15: AA
C17: ÍTEMS DE LA PROPUESTA ECONÓMICA | H17: 4 | I17: =+VLOOKUP(H17,'PRESUPUESTO OFICIAL (Entidad)'!$D$13:$I$46,4,FALSE) -> CUBIERTA METALICA
C21: DATOS ESPECÍFICOS
C23: ÍTEM | D23: DESCRIPCIÓN | M23: UNIDAD | O23: CANTIDAD
C24: 4.05 | D24: =+VLOOKUP($C$24,'PRESUPUESTO OFICIAL (Entidad)'!$D$13:$I$46,4,FALSE) -> PINTURA DE PROTECCION Y ACABADO DE ESTRUCTURA | M24: =+VLOOKUP($C$24,'PRESUPUESTO OFICIAL (Entidad)'!$D$13:$I$46,5,FALSE) -> M2 | O24: =+VLOOKUP($C$24,'PRESUPUESTO OFICIAL (Entidad)'!$D$13:$I$46,6,FALSE) -> 378.89
C25: I. EQUIPO
C28: DESCRIPCIÓN | H28: MARCA | J28: TIPO | L28: TARIFA/HORA | M28: RENDIMIENTO | O28: Vr. UNITARIO
C29: HERRAMIENTA MENOR | J29: % | L29: 15101 | M29: 10 | O29: 1510
C30: COMPRESOR | J30: DIA | L30: 60000 | M30: 0.014 | O30: 858
C31: ANDAMIO | J31: DIA | L31: 900 | M31: 0.006 | O31: 5
C32: SUBTOTAL $ | O32: =SUM(O29:O31) -> 2373
C33: II. MATERIALES
C36: DESCRIPCIÓN | K36: UNIDAD | L36: CANTIDAD | M36: PRECIO UNIT. | O36: Vr. UNITARIO
C37: ANTICORROSIVO | K37: GL | L37: 0.07 | M37: 80000 | O37: 5600
C38: ESMALTE | K38: GL | L38: 0.07 | M38: 129000 | O38: 9030
C39: THINNER | K39: GL | L39: 0.08 | M39: 36000 | O39: 2880
C40: SUBTOTAL $ | O40: =SUM(O37:O39) -> 17510
C41: III. TRANSPORTES
C44: MATERIAL | J44: VOL. o PESO | K44: DISTANCIA | L44: M3 o Ton/Km | M44: TARIFA | O44: Vr. UNITARIO
C47: SUBTOTAL $ | O47: =SUM(O45:O46) -> 0
C48: IV. MANO DE OBRA
C51: TRABAJADOR | J51: JORNAL | K51: PRESTACIONES | L51: JORNAL TOTAL | M51: RENDIMIENTO | O51: Vr. UNITARIO
C52: 2 AYUDANTES EPECIALIZADOS | K52: 113 | L52: 144141 | M52: 35 | O52: 8237
C53: OFICIAL ESPECIALIZADO | K53: 113 | L53: 240235 | M53: 35 | O53: 6864
C56: SUBTOTAL $ | O56: =SUM(O52:O55) -> 15101
C58: TOTAL COSTO DIRECTO $ | O58: =+O56+O47+O40+O32 -> 34984
C59: V. COSTOS INDIRECTOS
C62: Descripción | L62: Porcentaje | M62: Valor Total
C63: ADMINISTRACION | L63: 0.3 | M63: =+O58 -> 34984 | O63: =+ROUND(L63*M63,2) -> 10495.2
C64: IMPREVISTOS | L64: 0 | M64: =+O58 -> 34984 | O64: =+ROUND(L64*M64,2) -> 0
C65: UTILIDAD | L65: 0.05 | M65: =+O58 -> 34984 | O65: =+ROUND(L65*M65,2) -> 1749.2
C66: SUBTOTAL $ | O66: =SUM(O63:O65) -> 12244.4
C68: Precio Unitario Total Aproximado al peso $ | O68: =+O66+O58 -> 47228.4
H72: Firma
H73: Nombre:
H74: Representante Legal del Contratista o su Apoderado
H75: Matricula No. :
C77: OBSERVACIONES INTERVENTORÍA O SUPERVISIÓN
C81: APROBACIÓN POR INTERVENTORÍA O SUPERVISIÓN
C82: Nota 1: Cuando se trate de Análisis de precios unitarios correspondientes a ítems de la propuesta económica aprobada, el interventor o supervisor aprueba el desglose de los componentes manteniendo el mismo precio unitario de cada ítem, cumpliendo con las especificaciones de construcción vigentes para el proyecto.
C84: Nota 2: Cuando se trate de Análisis de precios unitarios de ítems no previstos, el interventor o supervisor aprueba el desglose y precio unitario de cada ítem no previsto, exigiendo la aplicación de los costos correspondientes a insumos y tarifas de la propuesta económica inicial cuando estén contemplados, cumpliendo con las especificaciones de construcción vigente para el proyecto.
H87: Firma
H88: Nombre:
H89: Representante Legal del Interventor o su apoderado o firma del supervisor
H90: Matricula No. :

Sheet 4,06
B1: Formulario 1 - Propuesta económica - Documento tipo de selección abreviada de menor cuantía - versión 1
B2: Versión: 1 de 21 de agosto de 2025
C5: [La entidad podrá utilizar este formato para la presentación de los análisis de Precios Unitarios del Contratista en la oportunidad prevista en el numeral 8.2. de la invitación]
D8: ALCALDIA DE VILLA DEL ROSARIO
L9: VERSIÓN
D10: CONSTRUCCION DE CUBIERTA PARA EL POLIDERPORTIVO DE LA INSTITUCION EDUCATIVA MEGACOLEGIO LA FRONTERA, VILLA DEL ROSARIO , NORTE DE SANTANDER
L11: PÁGINA | M11: 1 | N11: DE | O11: 1
D13: ANALISIS DE PRECIOS UNITARIOS
L15: FECHA | M15: DD | N15: MM | O15: AA
C17: ÍTEMS DE LA PROPUESTA ECONÓMICA | H17: 4 | I17: =+VLOOKUP(H17,'PRESUPUESTO OFICIAL (Entidad)'!$D$13:$I$46,4,FALSE) -> CUBIERTA METALICA
C21: DATOS ESPECÍFICOS
C23: ÍTEM | D23: DESCRIPCIÓN | M23: UNIDAD | O23: CANTIDAD
C24: 4.06 | D24: =+VLOOKUP($C$24,'PRESUPUESTO OFICIAL (Entidad)'!$D$13:$I$46,4,FALSE) -> SUMINISTRO E INSTALACION DE LAMINA THERMOACUSTICA FIBROCARBONO BLANCO | M24: =+VLOOKUP($C$24,'PRESUPUESTO OFICIAL (Entidad)'!$D$13:$I$46,5,FALSE) -> M2 | O24: =+VLOOKUP($C$24,'PRESUPUESTO OFICIAL (Entidad)'!$D$13:$I$46,6,FALSE) -> 451.56
C25: I. EQUIPO
C28: DESCRIPCIÓN | H28: MARCA | J28: TIPO | L28: TARIFA/HORA | M28: RENDIMIENTO | O28: Vr. UNITARIO
C29: HERRAMIENTA MENOR | J29: % | L29: 26906 | M29: 10 | O29: 2691
C30: COMPRESOR | J30: DIA | L30: 60000 | M30: 0.014 | O30: 857
C31: ANDAMIO | J31: DIA | L31: 900 | M31: 0.006 | O31: 6
C32: SUBTOTAL $ | O32: =SUM(O29:O31) -> 3554
C33: II. MATERIALES
C36: DESCRIPCIÓN | K36: UNIDAD | L36: CANTIDAD | M36: PRECIO UNIT. | O36: Vr. UNITARIO
C37: LAMINA THERMOACUSTICA | K37: M2 | L37: 1.38 | M37: 57747 | O37: 79940
C38: TORNILLO | K38: UND | L38: 4 | M38: 400 | O38: 1600
C39: SUBTOTAL $ | O39: =SUM(O37:O38) -> 81540
C40: III. TRANSPORTES
C43: MATERIAL | J43: VOL. o PESO | K43: DISTANCIA | L43: M3 o Ton/Km | M43: TARIFA | O43: Vr. UNITARIO
C46: SUBTOTAL $ | O46: =SUM(O44:O45) -> 0
C47: IV. MANO DE OBRA
C50: TRABAJADOR | J50: JORNAL | K50: PRESTACIONES | L50: JORNAL TOTAL | M50: RENDIMIENTO | O50: Vr. UNITARIO
C51: 3 AYUDANTE ESPECIALIZADO | K51: 113 | L51: 144141 | M51: 25 | O51: 17297
C52: OFICIAL ESPECIALIZADO | K52: 113 | L52: 240235 | M52: 25 | O52: 9609
C55: SUBTOTAL $ | O55: =SUM(O51:O54) -> 26906
C57: TOTAL COSTO DIRECTO $ | O57: =+O55+O46+O39+O32 -> 112000
C58: V. COSTOS INDIRECTOS
C61: Descripción | L61: Porcentaje | M61: Valor Total
C62: ADMINISTRACION | L62: 0.3 | M62: =+O57 -> 112000 | O62: =+ROUND(L62*M62,2) -> 33600
C63: IMPREVISTOS | L63: 0 | M63: =+O57 -> 112000 | O63: =+ROUND(L63*M63,2) -> 0
C64: UTILIDAD | L64: 0.05 | M64: =+O57 -> 112000 | O64: =+ROUND(L64*M64,2) -> 5600
C65: SUBTOTAL $ | O65: =SUM(O62:O64) -> 39200
C67: Precio Unitario Total Aproximado al peso $ | O67: =+O65+O57 -> 151200
H71: Firma
H72: Nombre:
H73: Representante Legal del Contratista o su Apoderado
H74: Matricula No. :
C76: OBSERVACIONES INTERVENTORÍA O SUPERVISIÓN
C80: APROBACIÓN POR INTERVENTORÍA O SUPERVISIÓN
C81: Nota 1: Cuando se trate de Análisis de precios unitarios correspondientes a ítems de la propuesta económica aprobada, el interventor o supervisor aprueba el desglose de los componentes manteniendo el mismo precio unitario de cada ítem, cumpliendo con las especificaciones de construcción vigentes para el proyecto.
C83: Nota 2: Cuando se trate de Análisis de precios unitarios de ítems no previstos, el interventor o supervisor aprueba el desglose y precio unitario de cada ítem no previsto, exigiendo la aplicación de los costos correspondientes a insumos y tarifas de la propuesta económica inicial cuando estén contemplados, cumpliendo con las especificaciones de construcción vigente para el proyecto.
H86: Firma
H87: Nombre:
H88: Representante Legal del Interventor o su apoderado o firma del supervisor
H89: Matricula No. :

Sheet 5,01
B1: Formulario 1 - Propuesta económica - Documento tipo de selección abreviada de menor cuantía - versión 1
B2: Versión: 1 de 21 de agosto de 2025
C5: [La entidad podrá utilizar este formato para la presentación de los análisis de Precios Unitarios del Contratista en la oportunidad prevista en el numeral 8.2. de la invitación]
D8: ALCALDIA DE VILLA DEL ROSARIO
L9: VERSIÓN
D10: CONSTRUCCION DE CUBIERTA PARA EL POLIDERPORTIVO DE LA INSTITUCION EDUCATIVA MEGACOLEGIO LA FRONTERA, VILLA DEL ROSARIO , NORTE DE SANTANDER
L11: PÁGINA | M11: 1 | N11: DE | O11: 1
D13: ANALISIS DE PRECIOS UNITARIOS
L15: FECHA | M15: DD | N15: MM | O15: AA
C17: ÍTEMS DE LA PROPUESTA ECONÓMICA | H17: 5 | I17: =+VLOOKUP(H17,'PRESUPUESTO OFICIAL (Entidad)'!$D$13:$I$46,4,FALSE) -> INSTALACION HIDRUALICAS
C21: DATOS ESPECÍFICOS
C23: ÍTEM | D23: DESCRIPCIÓN | M23: UNIDAD | O23: CANTIDAD
C24: 5.01 | D24: =+VLOOKUP($C$24,'PRESUPUESTO OFICIAL (Entidad)'!$D$13:$I$46,4,FALSE) -> CANAL DE LAMINA GALVANIZADA CAL 20 DESARROLLO >200<250 CMS INCLUYE SOPORTES Y/O ANCLAJES Y PINTURA EN ANTICORROSIVO | M24: =+VLOOKUP($C$24,'PRESUPUESTO OFICIAL (Entidad)'!$D$13:$I$46,5,FALSE) -> ML | O24: =+VLOOKUP($C$24,'PRESUPUESTO OFICIAL (Entidad)'!$D$13:$I$46,6,FALSE) -> 53
C25: I. EQUIPO
C28: DESCRIPCIÓN | H28: MARCA | J28: TIPO | L28: TARIFA/HORA | M28: RENDIMIENTO | O28: Vr. UNITARIO
C29: HERRAMIENTA MENOR | J29: % | L29: 38438 | M29: 10 | O29: 3844
C30: ANDAMIO | J30: DIA | L30: 16000 | M30: 0.08 | O30: 1280
C32: SUBTOTAL $ | O32: =SUM(O29:O31) -> 5124
C33: II. MATERIALES
C36: DESCRIPCIÓN | K36: UNIDAD | L36: CANTIDAD | M36: PRECIO UNIT. | O36: Vr. UNITARIO
C37: LAMINA GALVANIZADA | K37: M2 | L37: 1.05 | M37: 60000 | O37: 63000
C38: ANCLAJE | K38: UND | L38: 1.05 | M38: 2500 | O38: 2625
C39: ANTICORROSIVO | K39: GL | L39: 0.2 | M39: 80000 | O39: 16000
C40: MASILLA | K40: GL | L40: 0.004 | M40: 572000 | O40: 2550
C41: REMACHES | K41: UND | L41: 6 | M41: 310 | O41: 1860
C42: PLATINA 1*1/4" | K42: ML | L42: 0.7 | M42: 13500 | O42: 9450
C43: SUBTOTAL $ | O43: =SUM(O37:O42) -> 95485
C44: III. TRANSPORTES
C47: MATERIAL | J47: VOL. o PESO | K47: DISTANCIA | L47: M3 o Ton/Km | M47: TARIFA | O47: Vr. UNITARIO
C50: SUBTOTAL $ | O50: =SUM(O48:O49) -> 0
C51: IV. MANO DE OBRA
C54: TRABAJADOR | J54: JORNAL | K54: PRESTACIONES | L54: JORNAL TOTAL | M54: RENDIMIENTO | O54: Vr. UNITARIO
C55: AYUDANTE | K55: 113 | L55: 144141 | M55: 10 | O55: 14414
C56: OFICIAL | K56: 113 | L56: 240235 | M56: 10 | O56: 24024
C59: SUBTOTAL $ | O59: =SUM(O55:O58) -> 38438
C61: TOTAL COSTO DIRECTO $ | O61: =+O59+O50+O43+O32 -> 139047
C62: V. COSTOS INDIRECTOS
C65: Descripción | L65: Porcentaje | M65: Valor Total
C66: ADMINISTRACION | L66: 0.3 | M66: =+O61 -> 139047 | O66: =+ROUND(L66*M66,2) -> 41714.1
C67: IMPREVISTOS | L67: 0 | M67: =+O61 -> 139047 | O67: =+ROUND(L67*M67,2) -> 0
C68: UTILIDAD | L68: 0.05 | M68: =+O61 -> 139047 | O68: =+ROUND(L68*M68,2) -> 6952.35
C69: SUBTOTAL $ | O69: =SUM(O66:O68) -> 48666.45
C71: Precio Unitario Total Aproximado al peso $ | O71: =+O69+O61 -> 187713.45
H75: Firma
H76: Nombre:
H77: Representante Legal del Contratista o su Apoderado
H78: Matricula No. :
C80: OBSERVACIONES INTERVENTORÍA O SUPERVISIÓN
C84: APROBACIÓN POR INTERVENTORÍA O SUPERVISIÓN
C85: Nota 1: Cuando se trate de Análisis de precios unitarios correspondientes a ítems de la propuesta económica aprobada, el interventor o supervisor aprueba el desglose de los componentes manteniendo el mismo precio unitario de cada ítem, cumpliendo con las especificaciones de construcción vigentes para el proyecto.
C87: Nota 2: Cuando se trate de Análisis de precios unitarios de ítems no previstos, el interventor o supervisor aprueba el desglose y precio unitario de cada ítem no previsto, exigiendo la aplicación de los costos correspondientes a insumos y tarifas de la propuesta económica inicial cuando estén contemplados, cumpliendo con las especificaciones de construcción vigente para el proyecto.
H90: Firma
H91: Nombre:
H92: Representante Legal del Interventor o su apoderado o firma del supervisor
H93: Matricula No. :

Sheet 5,02
B1: Formulario 1 - Propuesta económica - Documento tipo de selección abreviada de menor cuantía - versión 1
B2: Versión: 1 de 21 de agosto de 2025
C5: [La entidad podrá utilizar este formato para la presentación de los análisis de Precios Unitarios del Contratista en la oportunidad prevista en el numeral 8.2. de la invitación]
D8: ALCALDIA DE VILLA DEL ROSARIO
L9: VERSIÓN
D10: CONSTRUCCION DE CUBIERTA PARA EL POLIDERPORTIVO DE LA INSTITUCION EDUCATIVA MEGACOLEGIO LA FRONTERA, VILLA DEL ROSARIO , NORTE DE SANTANDER
L11: PÁGINA | M11: 1 | N11: DE | O11: 1
D13: ANALISIS DE PRECIOS UNITARIOS
L15: FECHA | M15: DD | N15: MM | O15: AA
C17: ÍTEMS DE LA PROPUESTA ECONÓMICA | H17: 5 | I17: =+VLOOKUP(H17,'PRESUPUESTO OFICIAL (Entidad)'!$D$13:$I$46,4,FALSE) -> INSTALACION HIDRUALICAS
C21: DATOS ESPECÍFICOS
C23: ÍTEM | D23: DESCRIPCIÓN | M23: UNIDAD | O23: CANTIDAD
C24: 5.02 | D24: =+VLOOKUP($C$24,'PRESUPUESTO OFICIAL (Entidad)'!$D$13:$I$46,4,FALSE) -> BAJANTE DE AGUAS LLUVIAS PVC d=3 PULG | M24: =+VLOOKUP($C$24,'PRESUPUESTO OFICIAL (Entidad)'!$D$13:$I$46,5,FALSE) -> ML | O24: =+VLOOKUP($C$24,'PRESUPUESTO OFICIAL (Entidad)'!$D$13:$I$46,6,FALSE) -> 139.2
C25: I. EQUIPO
C28: DESCRIPCIÓN | H28: MARCA | J28: TIPO | L28: TARIFA/HORA | M28: RENDIMIENTO | O28: Vr. UNITARIO
C29: HERRAMIENTA MENOR | J29: % | L29: 15375 | M29: 15 | O29: 2306
C30: ANDAMIO | J30: DIA | L30: 900 | M30: 0.3 | O30: 270
C32: SUBTOTAL $ | O32: =SUM(O29:O31) -> 2576
C33: II. MATERIALES
C36: DESCRIPCIÓN | K36: UNIDAD | L36: CANTIDAD | M36: PRECIO UNIT. | O36: Vr. UNITARIO
C37: TUBO DE 3 PULG PVC | K37: ML | L37: 1.05 | M37: 13455 | O37: 14127
C38: UNION PVC SANITARIA 3 | K38: UND | L38: 0.2 | M38: 4824 | O38: 965
C39: SOLDADURA LIQUIDA | K39: GAL | L39: 0.05 | M39: 125840 | O39: 6292
C40: LIMPIADOR 1/32 | K40: UND | L40: 0.02 | M40: 12727 | O40: 255
C41: CODO PVC DE 3 PULG | K41: UND | L41: 0.25 | M41: 6500 | O41: 1625
C42: SEMICODO DE 3 PULG | K42: UND | L42: 0.25 | M42: 6700 | O42: 1675
C43: SUBTOTAL $ | O43: =SUM(O37:O42) -> 24939
C44: III. TRANSPORTES
C47: MATERIAL | J47: VOL. o PESO | K47: DISTANCIA | L47: M3 o Ton/Km | M47: TARIFA | O47: Vr. UNITARIO
C50: SUBTOTAL $ | O50: =SUM(O48:O49) -> 0
C51: IV. MANO DE OBRA
C54: TRABAJADOR | J54: JORNAL | K54: PRESTACIONES | L54: JORNAL TOTAL | M54: RENDIMIENTO | O54: Vr. UNITARIO
C55: AYUDANTE ESPECIALIZADO | K55: 113 | L55: 144141 | M55: 25 | O55: 5766
C56: OFICIAL ESPECIALIZADO | K56: 113 | L56: 240235 | M56: 25 | O56: 9609
C59: SUBTOTAL $ | O59: =SUM(O55:O58) -> 15375
C61: TOTAL COSTO DIRECTO $ | O61: =+O59+O50+O43+O32 -> 42890
C62: V. COSTOS INDIRECTOS
C65: Descripción | L65: Porcentaje | M65: Valor Total
C66: ADMINISTRACION | L66: 0.3 | M66: =+O61 -> 42890 | O66: =+ROUND(L66*M66,2) -> 12867
C67: IMPREVISTOS | L67: 0 | M67: =+O61 -> 42890 | O67: =+ROUND(L67*M67,2) -> 0
C68: UTILIDAD | L68: 0.05 | M68: =+O61 -> 42890 | O68: =+ROUND(L68*M68,2) -> 2144.5
C69: SUBTOTAL $ | O69: =SUM(O66:O68) -> 15011.5
C71: Precio Unitario Total Aproximado al peso $ | O71: =+O69+O61 -> 57901.5
H75: Firma
H76: Nombre:
H77: Representante Legal del Contratista o su Apoderado
H78: Matricula No. :
C80: OBSERVACIONES INTERVENTORÍA O SUPERVISIÓN
C84: APROBACIÓN POR INTERVENTORÍA O SUPERVISIÓN
C85: Nota 1: Cuando se trate de Análisis de precios unitarios correspondientes a ítems de la propuesta económica aprobada, el interventor o supervisor aprueba el desglose de los componentes manteniendo el mismo precio unitario de cada ítem, cumpliendo con las especificaciones de construcción vigentes para el proyecto.
C87: Nota 2: Cuando se trate de Análisis de precios unitarios de ítems no previstos, el interventor o supervisor aprueba el desglose y precio unitario de cada ítem no previsto, exigiendo la aplicación de los costos correspondientes a insumos y tarifas de la propuesta económica inicial cuando estén contemplados, cumpliendo con las especificaciones de construcción vigente para el proyecto.
H90: Firma
H91: Nombre:
H92: Representante Legal del Interventor o su apoderado o firma del supervisor
H93: Matricula No. :

Sheet 5,03
B1: Formulario 1 - Propuesta económica - Documento tipo de selección abreviada de menor cuantía - versión 1
B2: Versión: 1 de 21 de agosto de 2025
C5: [La entidad podrá utilizar este formato para la presentación de los análisis de Precios Unitarios del Contratista en la oportunidad prevista en el numeral 8.2. de la invitación]
D8: ALCALDIA DE VILLA DEL ROSARIO
L9: VERSIÓN
D10: CONSTRUCCION DE CUBIERTA PARA EL POLIDERPORTIVO DE LA INSTITUCION EDUCATIVA MEGACOLEGIO LA FRONTERA, VILLA DEL ROSARIO , NORTE DE SANTANDER
L11: PÁGINA | M11: 1 | N11: DE | O11: 1
D13: ANALISIS DE PRECIOS UNITARIOS
L15: FECHA | M15: DD | N15: MM | O15: AA
C17: ÍTEMS DE LA PROPUESTA ECONÓMICA | H17: 5 | I17: =+VLOOKUP(H17,'PRESUPUESTO OFICIAL (Entidad)'!$D$13:$I$46,4,FALSE) -> INSTALACION HIDRUALICAS
C21: DATOS ESPECÍFICOS
C23: ÍTEM | D23: DESCRIPCIÓN | M23: UNIDAD | O23: CANTIDAD
C24: 5.03 | D24: =+VLOOKUP($C$24,'PRESUPUESTO OFICIAL (Entidad)'!$D$13:$I$46,4,FALSE) -> TUBERIA PVC SANITARIA DE 6 PULGADAS | M24: =+VLOOKUP($C$24,'PRESUPUESTO OFICIAL (Entidad)'!$D$13:$I$46,5,FALSE) -> ML | O24: =+VLOOKUP($C$24,'PRESUPUESTO OFICIAL (Entidad)'!$D$13:$I$46,6,FALSE) -> 34.460038
C25: I. EQUIPO
C28: DESCRIPCIÓN | H28: MARCA | J28: TIPO | L28: TARIFA/HORA | M28: RENDIMIENTO | O28: Vr. UNITARIO
C29: HERRAMIENTA MENOR | J29: % | L29: 18184 | M29: 10 | O29: 1818
C32: SUBTOTAL $ | O32: =SUM(O29:O31) -> 1818
C33: II. MATERIALES
C36: DESCRIPCIÓN | K36: UNIDAD | L36: CANTIDAD | M36: PRECIO UNIT. | O36: Vr. UNITARIO
C37: TUBO DE 6 PULG PVC | K37: ML | L37: 1.05 | M37: 42735 | O37: 44872
C38: UNION PVC SANITARIA | K38: UND | L38: 0.2 | M38: 46900 | O38: 9381
C39: SOLDADURA LIQUIDA | K39: GAL | L39: 0.04 | M39: 125840 | O39: 5033
C40: LIMPIADOR 1/32 | K40: UND | L40: 0.11043551 | M40: 12727 | O40: 1406
C41: CODO PVC DE 6 PULG | K41: UND | L41: 0.2 | M41: 68268 | O41: 13653
C42: SEMICODO DE 6 PULG | K42: UND | L42: 0.2 | M42: 68268 | O42: 13653
C43: SUBTOTAL $ | O43: =SUM(O37:O42) -> 87998
C44: III. TRANSPORTES
C47: MATERIAL | J47: VOL. o PESO | K47: DISTANCIA | L47: M3 o Ton/Km | M47: TARIFA | O47: Vr. UNITARIO
C50: SUBTOTAL $ | O50: =SUM(O48:O49) -> 0
C51: IV. MANO DE OBRA
C54: TRABAJADOR | J54: JORNAL | K54: PRESTACIONES | L54: JORNAL TOTAL | M54: RENDIMIENTO | O54: Vr. UNITARIO
C55: AYUDANTE ESPECIALIDAD | K55: 113 | L55: 61368 | M55: 9 | O55: 6819
C56: OFICIAL ESPECIALIDAD | K56: 113 | L56: 102288 | M56: 9 | O56: 11365
C59: SUBTOTAL $ | O59: =SUM(O55:O58) -> 18184
C61: TOTAL COSTO DIRECTO $ | O61: =+O59+O50+O43+O32 -> 108000
C62: V. COSTOS INDIRECTOS
C65: Descripción | L65: Porcentaje | M65: Valor Total
C66: ADMINISTRACION | L66: 0.3 | M66: =+O61 -> 108000 | O66: =+ROUND(L66*M66,2) -> 32400
C67: IMPREVISTOS | L67: 0 | M67: =+O61 -> 108000 | O67: =+ROUND(L67*M67,2) -> 0
C68: UTILIDAD | L68: 0.05 | M68: =+O61 -> 108000 | O68: =+ROUND(L68*M68,2) -> 5400
C69: SUBTOTAL $ | O69: =SUM(O66:O68) -> 37800
C71: Precio Unitario Total Aproximado al peso $ | O71: =+O69+O61 -> 145800
H75: Firma
H76: Nombre:
H77: Representante Legal del Contratista o su Apoderado
H78: Matricula No. :
C80: OBSERVACIONES INTERVENTORÍA O SUPERVISIÓN
C84: APROBACIÓN POR INTERVENTORÍA O SUPERVISIÓN
C85: Nota 1: Cuando se trate de Análisis de precios unitarios correspondientes a ítems de la propuesta económica aprobada, el interventor o supervisor aprueba el desglose de los componentes manteniendo el mismo precio unitario de cada ítem, cumpliendo con las especificaciones de construcción vigentes para el proyecto.
C87: Nota 2: Cuando se trate de Análisis de precios unitarios de ítems no previstos, el interventor o supervisor aprueba el desglose y precio unitario de cada ítem no previsto, exigiendo la aplicación de los costos correspondientes a insumos y tarifas de la propuesta económica inicial cuando estén contemplados, cumpliendo con las especificaciones de construcción vigente para el proyecto.
H90: Firma
H91: Nombre:
H92: Representante Legal del Interventor o su apoderado o firma del supervisor
H93: Matricula No. :

Sheet 5,04
B1: Formulario 1 - Propuesta económica - Documento tipo de selección abreviada de menor cuantía - versión 1
B2: Versión: 1 de 21 de agosto de 2025
C5: [La entidad podrá utilizar este formato para la presentación de los análisis de Precios Unitarios del Contratista en la oportunidad prevista en el numeral 8.2. de la invitación]
D8: ALCALDIA DE VILLA DEL ROSARIO
L9: VERSIÓN
D10: CONSTRUCCION DE CUBIERTA PARA EL POLIDERPORTIVO DE LA INSTITUCION EDUCATIVA MEGACOLEGIO LA FRONTERA, VILLA DEL ROSARIO , NORTE DE SANTANDER
L11: PÁGINA | M11: 1 | N11: DE | O11: 1
D13: ANALISIS DE PRECIOS UNITARIOS
L15: FECHA | M15: DD | N15: MM | O15: AA
C17: ÍTEMS DE LA PROPUESTA ECONÓMICA | H17: 5 | I17: =+VLOOKUP(H17,'PRESUPUESTO OFICIAL (Entidad)'!$D$13:$I$46,4,FALSE) -> INSTALACION HIDRUALICAS
C21: DATOS ESPECÍFICOS
C23: ÍTEM | D23: DESCRIPCIÓN | M23: UNIDAD | O23: CANTIDAD
C24: 5.04 | D24: =+VLOOKUP($C$24,'PRESUPUESTO OFICIAL (Entidad)'!$D$13:$I$46,4,FALSE) -> CAJA DE INSPECCION DE 60*60*80 CON TAPA EN MARCO METALICO EN ANGULO REFORZADA CON VARILLA DE 3/8" CON PAÑETE | M24: =+VLOOKUP($C$24,'PRESUPUESTO OFICIAL (Entidad)'!$D$13:$I$46,5,FALSE) -> UND | O24: =+VLOOKUP($C$24,'PRESUPUESTO OFICIAL (Entidad)'!$D$13:$I$46,6,FALSE) -> 3
C25: I. EQUIPO
C28: DESCRIPCIÓN | H28: MARCA | J28: TIPO | L28: TARIFA/HORA | M28: RENDIMIENTO | O28: Vr. UNITARIO
C29: HERRAMIENTA MENOR | J29: % | L29: 214495 | M29: 10 | O29: 21450
C32: SUBTOTAL $ | O32: =SUM(O29:O31) -> 21450
C33: II. MATERIALES
C36: DESCRIPCIÓN | K36: UNIDAD | L36: CANTIDAD | M36: PRECIO UNIT. | O36: Vr. UNITARIO
C37: LADRILLO DE OBRA | K37: UND | L37: 125 | M37: 850 | O37: 106250
C38: MORTERO DE PEGA | K38: M3 | L38: 0.1 | M38: 715000 | O38: 71500
C39: CONCRETO 17,5 MPA | K39: M3 | L39: 0.17 | M39: 425000 | O39: 72250
C40: VARILLA CORRUGADA 1/4 | K40: KG | L40: 7.8 | M40: 6100 | O40: 47580
C41: SUBTOTAL $ | O41: =SUM(O37:O40) -> 297580
C42: III. TRANSPORTES
C45: MATERIAL | J45: VOL. o PESO | K45: DISTANCIA | L45: M3 o Ton/Km | M45: TARIFA | O45: Vr. UNITARIO
C48: SUBTOTAL $ | O48: =SUM(O46:O47) -> 0
C49: IV. MANO DE OBRA
C52: TRABAJADOR | J52: JORNAL | K52: PRESTACIONES | L52: JORNAL TOTAL | M52: RENDIMIENTO | O52: Vr. UNITARIO
C53: AYUDANTE | K53: 113 | L53: 120117 | M53: 1.4 | O53: 85798
C54: OFICIAL | K54: 113 | L54: 180176 | M54: 1.4 | O54: 128697
C57: SUBTOTAL $ | O57: =SUM(O53:O56) -> 214495
C59: TOTAL COSTO DIRECTO $ | O59: =+O57+O48+O41+O32 -> 533525
C60: V. COSTOS INDIRECTOS
C63: Descripción | L63: Porcentaje | M63: Valor Total
C64: ADMINISTRACION | L64: 0.3 | M64: =+O59 -> 533525 | O64: =+ROUND(L64*M64,2) -> 160057.5
C65: IMPREVISTOS | L65: 0 | M65: =+O59 -> 533525 | O65: =+ROUND(L65*M65,2) -> 0
C66: UTILIDAD | L66: 0.05 | M66: =+O59 -> 533525 | O66: =+ROUND(L66*M66,2) -> 26676.25
C67: SUBTOTAL $ | O67: =SUM(O64:O66) -> 186733.75
C69: Precio Unitario Total Aproximado al peso $ | O69: =+O67+O59 -> 720258.75
H73: Firma
H74: Nombre:
H75: Representante Legal del Contratista o su Apoderado
H76: Matricula No. :
C78: OBSERVACIONES INTERVENTORÍA O SUPERVISIÓN
C82: APROBACIÓN POR INTERVENTORÍA O SUPERVISIÓN
C83: Nota 1: Cuando se trate de Análisis de precios unitarios correspondientes a ítems de la propuesta económica aprobada, el interventor o supervisor aprueba el desglose de los componentes manteniendo el mismo precio unitario de cada ítem, cumpliendo con las especificaciones de construcción vigentes para el proyecto.
C85: Nota 2: Cuando se trate de Análisis de precios unitarios de ítems no previstos, el interventor o supervisor aprueba el desglose y precio unitario de cada ítem no previsto, exigiendo la aplicación de los costos correspondientes a insumos y tarifas de la propuesta económica inicial cuando estén contemplados, cumpliendo con las especificaciones de construcción vigente para el proyecto.
H88: Firma
H89: Nombre:
H90: Representante Legal del Interventor o su apoderado o firma del supervisor
H91: Matricula No. :

Sheet 1,01 (26)
B1: Formulario 1 - Propuesta económica - Documento tipo de selección abreviada de menor cuantía - versión 1
B2: Versión: 1 de 21 de agosto de 2025
C5: [La entidad podrá utilizar este formato para la presentación de los análisis de Precios Unitarios del Contratista en la oportunidad prevista en el numeral 8.2. de la invitación]
D8: ALCALDIA DE VILLA DEL ROSARIO
L9: VERSIÓN
D10: CONSTRUCCION DE CUBIERTA PARA EL POLIDERPORTIVO DE LA INSTITUCION EDUCATIVA MEGACOLEGIO LA FRONTERA, VILLA DEL ROSARIO , NORTE DE SANTANDER
L11: PÁGINA | M11: 1 | N11: DE | O11: 1
D13: ANALISIS DE PRECIOS UNITARIOS
L15: FECHA | M15: DD | N15: MM | O15: AA
C17: ÍTEMS DE LA PROPUESTA ECONÓMICA | H17: 1 | I17: =+VLOOKUP(H17,'PRESUPUESTO OFICIAL (Entidad)'!$D$13:$I$46,4,FALSE) -> PRELIMINARES
C21: DATOS ESPECÍFICOS
C23: ÍTEM | D23: DESCRIPCIÓN | M23: UNIDAD | O23: CANTIDAD
C24: =+'PRESUPUESTO OFICIAL (Entidad)'!D14 -> 1.01 | D24: =+VLOOKUP($C$24,'PRESUPUESTO OFICIAL (Entidad)'!$D$13:$I$46,4,FALSE) -> LOCALIZACION Y REPLANTEO | M24: =+VLOOKUP($C$24,'PRESUPUESTO OFICIAL (Entidad)'!$D$13:$I$46,5,FALSE) -> M2 | O24: =+VLOOKUP($C$24,'PRESUPUESTO OFICIAL (Entidad)'!$D$13:$I$46,6,FALSE) -> 539.52
C25: I. EQUIPO
C28: DESCRIPCIÓN | H28: MARCA | J28: TIPO | L28: TARIFA/HORA | M28: RENDIMIENTO | O28: Vr. UNITARIO
C32: SUBTOTAL $ | O32: =SUM(O29:O31) -> 0
C33: II. MATERIALES
C36: DESCRIPCIÓN | K36: UNIDAD | L36: CANTIDAD | M36: PRECIO UNIT. | O36: Vr. UNITARIO
C39: SUBTOTAL $ | O39: =SUM(O37:O38) -> 0
C40: III. TRANSPORTES
C43: MATERIAL | J43: VOL. o PESO | K43: DISTANCIA | L43: M3 o Ton/Km | M43: TARIFA | O43: Vr. UNITARIO
C46: SUBTOTAL $ | O46: =SUM(O44:O45) -> 0
C47: IV. MANO DE OBRA
C50: TRABAJADOR | J50: JORNAL | K50: PRESTACIONES | L50: JORNAL TOTAL | M50: RENDIMIENTO | O50: Vr. UNITARIO
C55: SUBTOTAL $ | O55: =SUM(O51:O54) -> 0
C57: TOTAL COSTO DIRECTO $ | O57: =+O55+O46+O39+O32 -> 0
C58: V. COSTOS INDIRECTOS
C61: Descripción | L61: Porcentaje | M61: Valor Total
C62: ADMINISTRACION | L62: 0.3 | M62: =+O57 -> 0 | O62: =+ROUND(L62*M62,2) -> 0
C63: IMPREVISTOS | L63: 0 | M63: =+O57 -> 0 | O63: =+ROUND(L63*M63,2) -> 0
C64: UTILIDAD | L64: 0.05 | M64: =+O57 -> 0 | O64: =+ROUND(L64*M64,2) -> 0
C65: SUBTOTAL $ | O65: =SUM(O62:O64) -> 0
C67: Precio Unitario Total Aproximado al peso $ | O67: =+O65+O57 -> 0
H71: Firma
H72: Nombre:
H73: Representante Legal del Contratista o su Apoderado
H74: Matricula No. :
C76: OBSERVACIONES INTERVENTORÍA O SUPERVISIÓN
C80: APROBACIÓN POR INTERVENTORÍA O SUPERVISIÓN
C81: Nota 1: Cuando se trate de Análisis de precios unitarios correspondientes a ítems de la propuesta económica aprobada, el interventor o supervisor aprueba el desglose de los componentes manteniendo el mismo precio unitario de cada ítem, cumpliendo con las especificaciones de construcción vigentes para el proyecto.
C83: Nota 2: Cuando se trate de Análisis de precios unitarios de ítems no previstos, el interventor o supervisor aprueba el desglose y precio unitario de cada ítem no previsto, exigiendo la aplicación de los costos correspondientes a insumos y tarifas de la propuesta económica inicial cuando estén contemplados, cumpliendo con las especificaciones de construcción vigente para el proyecto.
H86: Firma
H87: Nombre:
H88: Representante Legal del Interventor o su apoderado o firma del supervisor
H89: Matricula No. :

Sheet 1,01 (27)
B1: Formulario 1 - Propuesta económica - Documento tipo de mínima cuantía de obra pública de infraestructura social
B2: Versión: 1 de 21 de agosto de 2025
C5: [La entidad podrá utilizar este formato para la presentación de los análisis de Precios Unitarios del Contratista en la oportunidad prevista en el numeral 8.2. de la invitación]
D8: ALCALDIA DE VILLA DEL ROSARIO
L9: VERSIÓN
D10: CONSTRUCCION DE CUBIERTA PARA EL POLIDERPORTIVO DE LA INSTITUCION EDUCATIVA MEGACOLEGIO LA FRONTERA, VILLA DEL ROSARIO , NORTE DE SANTANDER
L11: PÁGINA | M11: 1 | N11: DE | O11: 1
D13: ANALISIS DE PRECIOS UNITARIOS
L15: FECHA | M15: DD | N15: MM | O15: AA
C17: ÍTEMS DE LA PROPUESTA ECONÓMICA | H17: 1 | I17: =+VLOOKUP(H17,'PRESUPUESTO OFICIAL (Entidad)'!$D$13:$I$46,4,FALSE) -> PRELIMINARES
C21: DATOS ESPECÍFICOS
C23: ÍTEM | D23: DESCRIPCIÓN | M23: UNIDAD | O23: CANTIDAD
C24: =+'PRESUPUESTO OFICIAL (Entidad)'!D14 -> 1.01 | D24: =+VLOOKUP($C$24,'PRESUPUESTO OFICIAL (Entidad)'!$D$13:$I$46,4,FALSE) -> LOCALIZACION Y REPLANTEO | M24: =+VLOOKUP($C$24,'PRESUPUESTO OFICIAL (Entidad)'!$D$13:$I$46,5,FALSE) -> M2 | O24: =+VLOOKUP($C$24,'PRESUPUESTO OFICIAL (Entidad)'!$D$13:$I$46,6,FALSE) -> 539.52
C25: I. EQUIPO
C28: DESCRIPCIÓN | H28: MARCA | J28: TIPO | L28: TARIFA/HORA | M28: RENDIMIENTO | O28: Vr. UNITARIO
C32: SUBTOTAL $ | O32: =SUM(O29:O31) -> 0
C33: II. MATERIALES
C36: DESCRIPCIÓN | K36: UNIDAD | L36: CANTIDAD | M36: PRECIO UNIT. | O36: Vr. UNITARIO
C39: SUBTOTAL $ | O39: =SUM(O37:O38) -> 0
C40: III. TRANSPORTES
C43: MATERIAL | J43: VOL. o PESO | K43: DISTANCIA | L43: M3 o Ton/Km | M43: TARIFA | O43: Vr. UNITARIO
C46: SUBTOTAL $ | O46: =SUM(O44:O45) -> 0
C47: IV. MANO DE OBRA
C50: TRABAJADOR | J50: JORNAL | K50: PRESTACIONES | L50: JORNAL TOTAL | M50: RENDIMIENTO | O50: Vr. UNITARIO
C55: SUBTOTAL $ | O55: =SUM(O51:O54) -> 0
C57: TOTAL COSTO DIRECTO $ | O57: =+O55+O46+O39+O32 -> 0
C58: V. COSTOS INDIRECTOS
C61: Descripción | L61: Porcentaje | M61: Valor Total
C62: ADMINISTRACION | L62: 0.3 | M62: =+O57 -> 0 | O62: =+ROUND(L62*M62,2) -> 0
C63: IMPREVISTOS | L63: 0 | M63: =+O57 -> 0 | O63: =+ROUND(L63*M63,2) -> 0
C64: UTILIDAD | L64: 0.05 | M64: =+O57 -> 0 | O64: =+ROUND(L64*M64,2) -> 0
C65: SUBTOTAL $ | O65: =SUM(O62:O64) -> 0
C67: Precio Unitario Total Aproximado al peso $ | O67: =+O65+O57 -> 0
H71: Firma
H72: Nombre:
H73: Representante Legal del Contratista o su Apoderado
H74: Matricula No. :
C76: OBSERVACIONES INTERVENTORÍA O SUPERVISIÓN
C80: APROBACIÓN POR INTERVENTORÍA O SUPERVISIÓN
C81: Nota 1: Cuando se trate de Análisis de precios unitarios correspondientes a ítems de la propuesta económica aprobada, el interventor o supervisor aprueba el desglose de los componentes manteniendo el mismo precio unitario de cada ítem, cumpliendo con las especificaciones de construcción vigentes para el proyecto.
C83: Nota 2: Cuando se trate de Análisis de precios unitarios de ítems no previstos, el interventor o supervisor aprueba el desglose y precio unitario de cada ítem no previsto, exigiendo la aplicación de los costos correspondientes a insumos y tarifas de la propuesta económica inicial cuando estén contemplados, cumpliendo con las especificaciones de construcción vigente para el proyecto.
H86: Firma
H87: Nombre:
H88: Representante Legal del Interventor o su apoderado o firma del supervisor
H89: Matricula No. :

Sheet 1,01 (28)
B1: Formulario 1 - Propuesta económica - Documento tipo de mínima cuantía de obra pública de infraestructura social
B2: Versión: 1 de 21 de agosto de 2025
C5: [La entidad podrá utilizar este formato para la presentación de los análisis de Precios Unitarios del Contratista en la oportunidad prevista en el numeral 8.2. de la invitación]
D8: ALCALDIA DE VILLA DEL ROSARIO
L9: VERSIÓN
D10: CONSTRUCCION DE CUBIERTA PARA EL POLIDERPORTIVO DE LA INSTITUCION EDUCATIVA MEGACOLEGIO LA FRONTERA, VILLA DEL ROSARIO , NORTE DE SANTANDER
L11: PÁGINA | M11: 1 | N11: DE | O11: 1
D13: ANALISIS DE PRECIOS UNITARIOS
L15: FECHA | M15: DD | N15: MM | O15: AA
C17: ÍTEMS DE LA PROPUESTA ECONÓMICA | H17: 1 | I17: =+VLOOKUP(H17,'PRESUPUESTO OFICIAL (Entidad)'!$D$13:$I$46,4,FALSE) -> PRELIMINARES
C21: DATOS ESPECÍFICOS
C23: ÍTEM | D23: DESCRIPCIÓN | M23: UNIDAD | O23: CANTIDAD
C24: =+'PRESUPUESTO OFICIAL (Entidad)'!D14 -> 1.01 | D24: =+VLOOKUP($C$24,'PRESUPUESTO OFICIAL (Entidad)'!$D$13:$I$46,4,FALSE) -> LOCALIZACION Y REPLANTEO | M24: =+VLOOKUP($C$24,'PRESUPUESTO OFICIAL (Entidad)'!$D$13:$I$46,5,FALSE) -> M2 | O24: =+VLOOKUP($C$24,'PRESUPUESTO OFICIAL (Entidad)'!$D$13:$I$46,6,FALSE) -> 539.52
C25: I. EQUIPO
C28: DESCRIPCIÓN | H28: MARCA | J28: TIPO | L28: TARIFA/HORA | M28: RENDIMIENTO | O28: Vr. UNITARIO
C32: SUBTOTAL $ | O32: =SUM(O29:O31) -> 0
C33: II. MATERIALES
C36: DESCRIPCIÓN | K36: UNIDAD | L36: CANTIDAD | M36: PRECIO UNIT. | O36: Vr. UNITARIO
C39: SUBTOTAL $ | O39: =SUM(O37:O38) -> 0
C40: III. TRANSPORTES
C43: MATERIAL | J43: VOL. o PESO | K43: DISTANCIA | L43: M3 o Ton/Km | M43: TARIFA | O43: Vr. UNITARIO
C46: SUBTOTAL $ | O46: =SUM(O44:O45) -> 0
C47: IV. MANO DE OBRA
C50: TRABAJADOR | J50: JORNAL | K50: PRESTACIONES | L50: JORNAL TOTAL | M50: RENDIMIENTO | O50: Vr. UNITARIO
C55: SUBTOTAL $ | O55: =SUM(O51:O54) -> 0
C57: TOTAL COSTO DIRECTO $ | O57: =+O55+O46+O39+O32 -> 0
C58: V. COSTOS INDIRECTOS
C61: Descripción | L61: Porcentaje | M61: Valor Total
C62: ADMINISTRACION | L62: 0.3 | M62: =+O57 -> 0 | O62: =+ROUND(L62*M62,2) -> 0
C63: IMPREVISTOS | L63: 0 | M63: =+O57 -> 0 | O63: =+ROUND(L63*M63,2) -> 0
C64: UTILIDAD | L64: 0.05 | M64: =+O57 -> 0 | O64: =+ROUND(L64*M64,2) -> 0
C65: SUBTOTAL $ | O65: =SUM(O62:O64) -> 0
C67: Precio Unitario Total Aproximado al peso $ | O67: =+O65+O57 -> 0
H71: Firma
H72: Nombre:
H73: Representante Legal del Contratista o su Apoderado
H74: Matricula No. :
C76: OBSERVACIONES INTERVENTORÍA O SUPERVISIÓN
C80: APROBACIÓN POR INTERVENTORÍA O SUPERVISIÓN
C81: Nota 1: Cuando se trate de Análisis de precios unitarios correspondientes a ítems de la propuesta económica aprobada, el interventor o supervisor aprueba el desglose de los componentes manteniendo el mismo precio unitario de cada ítem, cumpliendo con las especificaciones de construcción vigentes para el proyecto.
C83: Nota 2: Cuando se trate de Análisis de precios unitarios de ítems no previstos, el interventor o supervisor aprueba el desglose y precio unitario de cada ítem no previsto, exigiendo la aplicación de los costos correspondientes a insumos y tarifas de la propuesta económica inicial cuando estén contemplados, cumpliendo con las especificaciones de construcción vigente para el proyecto.
H86: Firma
H87: Nombre:
H88: Representante Legal del Interventor o su apoderado o firma del supervisor
H89: Matricula No. :

Sheet 1,01 (29)
B1: Formulario 1 - Propuesta económica - Documento tipo de mínima cuantía de obra pública de infraestructura social
B2: Versión: 1 de 21 de agosto de 2025
C5: [La entidad podrá utilizar este formato para la presentación de los análisis de Precios Unitarios del Contratista en la oportunidad prevista en el numeral 8.2. de la invitación]
D8: ALCALDIA DE VILLA DEL ROSARIO
L9: VERSIÓN
D10: CONSTRUCCION DE CUBIERTA PARA EL POLIDERPORTIVO DE LA INSTITUCION EDUCATIVA MEGACOLEGIO LA FRONTERA, VILLA DEL ROSARIO , NORTE DE SANTANDER
L11: PÁGINA | M11: 1 | N11: DE | O11: 1
D13: ANALISIS DE PRECIOS UNITARIOS
L15: FECHA | M15: DD | N15: MM | O15: AA
C17: ÍTEMS DE LA PROPUESTA ECONÓMICA | H17: 1 | I17: =+VLOOKUP(H17,'PRESUPUESTO OFICIAL (Entidad)'!$D$13:$I$46,4,FALSE) -> PRELIMINARES
C21: DATOS ESPECÍFICOS
C23: ÍTEM | D23: DESCRIPCIÓN | M23: UNIDAD | O23: CANTIDAD
C24: =+'PRESUPUESTO OFICIAL (Entidad)'!D14 -> 1.01 | D24: =+VLOOKUP($C$24,'PRESUPUESTO OFICIAL (Entidad)'!$D$13:$I$46,4,FALSE) -> LOCALIZACION Y REPLANTEO | M24: =+VLOOKUP($C$24,'PRESUPUESTO OFICIAL (Entidad)'!$D$13:$I$46,5,FALSE) -> M2 | O24: =+VLOOKUP($C$24,'PRESUPUESTO OFICIAL (Entidad)'!$D$13:$I$46,6,FALSE) -> 539.52
C25: I. EQUIPO
C28: DESCRIPCIÓN | H28: MARCA | J28: TIPO | L28: TARIFA/HORA | M28: RENDIMIENTO | O28: Vr. UNITARIO
C32: SUBTOTAL $ | O32: =SUM(O29:O31) -> 0
C33: II. MATERIALES
C36: DESCRIPCIÓN | K36: UNIDAD | L36: CANTIDAD | M36: PRECIO UNIT. | O36: Vr. UNITARIO
C39: SUBTOTAL $ | O39: =SUM(O37:O38) -> 0
C40: III. TRANSPORTES
C43: MATERIAL | J43: VOL. o PESO | K43: DISTANCIA | L43: M3 o Ton/Km | M43: TARIFA | O43: Vr. UNITARIO
C46: SUBTOTAL $ | O46: =SUM(O44:O45) -> 0
C47: IV. MANO DE OBRA
C50: TRABAJADOR | J50: JORNAL | K50: PRESTACIONES | L50: JORNAL TOTAL | M50: RENDIMIENTO | O50: Vr. UNITARIO
C55: SUBTOTAL $ | O55: =SUM(O51:O54) -> 0
C57: TOTAL COSTO DIRECTO $ | O57: =+O55+O46+O39+O32 -> 0
C58: V. COSTOS INDIRECTOS
C61: Descripción | L61: Porcentaje | M61: Valor Total
C62: ADMINISTRACION | L62: 0.3 | M62: =+O57 -> 0 | O62: =+ROUND(L62*M62,2) -> 0
C63: IMPREVISTOS | L63: 0 | M63: =+O57 -> 0 | O63: =+ROUND(L63*M63,2) -> 0
C64: UTILIDAD | L64: 0.05 | M64: =+O57 -> 0 | O64: =+ROUND(L64*M64,2) -> 0
C65: SUBTOTAL $ | O65: =SUM(O62:O64) -> 0
C67: Precio Unitario Total Aproximado al peso $ | O67: =+O65+O57 -> 0
H71: Firma
H72: Nombre:
H73: Representante Legal del Contratista o su Apoderado
H74: Matricula No. :
C76: OBSERVACIONES INTERVENTORÍA O SUPERVISIÓN
C80: APROBACIÓN POR INTERVENTORÍA O SUPERVISIÓN
C81: Nota 1: Cuando se trate de Análisis de precios unitarios correspondientes a ítems de la propuesta económica aprobada, el interventor o supervisor aprueba el desglose de los componentes manteniendo el mismo precio unitario de cada ítem, cumpliendo con las especificaciones de construcción vigentes para el proyecto.
C83: Nota 2: Cuando se trate de Análisis de precios unitarios de ítems no previstos, el interventor o supervisor aprueba el desglose y precio unitario de cada ítem no previsto, exigiendo la aplicación de los costos correspondientes a insumos y tarifas de la propuesta económica inicial cuando estén contemplados, cumpliendo con las especificaciones de construcción vigente para el proyecto.
H86: Firma
H87: Nombre:
H88: Representante Legal del Interventor o su apoderado o firma del supervisor
H89: Matricula No. :

Sheet 1,01 (30)
B1: Formulario 1 - Propuesta económica - Documento tipo de mínima cuantía de obra pública de infraestructura social
B2: Versión: 1 de 21 de agosto de 2025
C5: [La entidad podrá utilizar este formato para la presentación de los análisis de Precios Unitarios del Contratista en la oportunidad prevista en el numeral 8.2. de la invitación]
D8: ALCALDIA DE VILLA DEL ROSARIO
L9: VERSIÓN
D10: CONSTRUCCION DE CUBIERTA PARA EL POLIDERPORTIVO DE LA INSTITUCION EDUCATIVA MEGACOLEGIO LA FRONTERA, VILLA DEL ROSARIO , NORTE DE SANTANDER
L11: PÁGINA | M11: 1 | N11: DE | O11: 1
D13: ANALISIS DE PRECIOS UNITARIOS
L15: FECHA | M15: DD | N15: MM | O15: AA
C17: ÍTEMS DE LA PROPUESTA ECONÓMICA | H17: 1 | I17: =+VLOOKUP(H17,'PRESUPUESTO OFICIAL (Entidad)'!$D$13:$I$46,4,FALSE) -> PRELIMINARES
C21: DATOS ESPECÍFICOS
C23: ÍTEM | D23: DESCRIPCIÓN | M23: UNIDAD | O23: CANTIDAD
C24: =+'PRESUPUESTO OFICIAL (Entidad)'!D14 -> 1.01 | D24: =+VLOOKUP($C$24,'PRESUPUESTO OFICIAL (Entidad)'!$D$13:$I$46,4,FALSE) -> LOCALIZACION Y REPLANTEO | M24: =+VLOOKUP($C$24,'PRESUPUESTO OFICIAL (Entidad)'!$D$13:$I$46,5,FALSE) -> M2 | O24: =+VLOOKUP($C$24,'PRESUPUESTO OFICIAL (Entidad)'!$D$13:$I$46,6,FALSE) -> 539.52
C25: I. EQUIPO
C28: DESCRIPCIÓN | H28: MARCA | J28: TIPO | L28: TARIFA/HORA | M28: RENDIMIENTO | O28: Vr. UNITARIO
C32: SUBTOTAL $ | O32: =SUM(O29:O31) -> 0
C33: II. MATERIALES
C36: DESCRIPCIÓN | K36: UNIDAD | L36: CANTIDAD | M36: PRECIO UNIT. | O36: Vr. UNITARIO
C39: SUBTOTAL $ | O39: =SUM(O37:O38) -> 0
C40: III. TRANSPORTES
C43: MATERIAL | J43: VOL. o PESO | K43: DISTANCIA | L43: M3 o Ton/Km | M43: TARIFA | O43: Vr. UNITARIO
C46: SUBTOTAL $ | O46: =SUM(O44:O45) -> 0
C47: IV. MANO DE OBRA
C50: TRABAJADOR | J50: JORNAL | K50: PRESTACIONES | L50: JORNAL TOTAL | M50: RENDIMIENTO | O50: Vr. UNITARIO
C55: SUBTOTAL $ | O55: =SUM(O51:O54) -> 0
C57: TOTAL COSTO DIRECTO $ | O57: =+O55+O46+O39+O32 -> 0
C58: V. COSTOS INDIRECTOS
C61: Descripción | L61: Porcentaje | M61: Valor Total
C62: ADMINISTRACION | L62: 0.3 | M62: =+O57 -> 0 | O62: =+ROUND(L62*M62,2) -> 0
C63: IMPREVISTOS | L63: 0 | M63: =+O57 -> 0 | O63: =+ROUND(L63*M63,2) -> 0
C64: UTILIDAD | L64: 0.05 | M64: =+O57 -> 0 | O64: =+ROUND(L64*M64,2) -> 0
C65: SUBTOTAL $ | O65: =SUM(O62:O64) -> 0
C67: Precio Unitario Total Aproximado al peso $ | O67: =+O65+O57 -> 0
H71: Firma
H72: Nombre:
H73: Representante Legal del Contratista o su Apoderado
H74: Matricula No. :
C76: OBSERVACIONES INTERVENTORÍA O SUPERVISIÓN
C80: APROBACIÓN POR INTERVENTORÍA O SUPERVISIÓN
C81: Nota 1: Cuando se trate de Análisis de precios unitarios correspondientes a ítems de la propuesta económica aprobada, el interventor o supervisor aprueba el desglose de los componentes manteniendo el mismo precio unitario de cada ítem, cumpliendo con las especificaciones de construcción vigentes para el proyecto.
C83: Nota 2: Cuando se trate de Análisis de precios unitarios de ítems no previstos, el interventor o supervisor aprueba el desglose y precio unitario de cada ítem no previsto, exigiendo la aplicación de los costos correspondientes a insumos y tarifas de la propuesta económica inicial cuando estén contemplados, cumpliendo con las especificaciones de construcción vigente para el proyecto.
H86: Firma
H87: Nombre:
H88: Representante Legal del Interventor o su apoderado o firma del supervisor
H89: Matricula No. :

Sheet 1,01 (31)
B1: Formulario 1 - Propuesta económica - Documento tipo de mínima cuantía de obra pública de infraestructura social
B2: Versión: 1 de 21 de agosto de 2025
C5: [La entidad podrá utilizar este formato para la presentación de los análisis de Precios Unitarios del Contratista en la oportunidad prevista en el numeral 8.2. de la invitación]
D8: ALCALDIA DE VILLA DEL ROSARIO
L9: VERSIÓN
D10: CONSTRUCCION DE CUBIERTA PARA EL POLIDERPORTIVO DE LA INSTITUCION EDUCATIVA MEGACOLEGIO LA FRONTERA, VILLA DEL ROSARIO , NORTE DE SANTANDER
L11: PÁGINA | M11: 1 | N11: DE | O11: 1
D13: ANALISIS DE PRECIOS UNITARIOS
L15: FECHA | M15: DD | N15: MM | O15: AA
C17: ÍTEMS DE LA PROPUESTA ECONÓMICA | H17: 1 | I17: =+VLOOKUP(H17,'PRESUPUESTO OFICIAL (Entidad)'!$D$13:$I$46,4,FALSE) -> PRELIMINARES
C21: DATOS ESPECÍFICOS
C23: ÍTEM | D23: DESCRIPCIÓN | M23: UNIDAD | O23: CANTIDAD
C24: =+'PRESUPUESTO OFICIAL (Entidad)'!D14 -> 1.01 | D24: =+VLOOKUP($C$24,'PRESUPUESTO OFICIAL (Entidad)'!$D$13:$I$46,4,FALSE) -> LOCALIZACION Y REPLANTEO | M24: =+VLOOKUP($C$24,'PRESUPUESTO OFICIAL (Entidad)'!$D$13:$I$46,5,FALSE) -> M2 | O24: =+VLOOKUP($C$24,'PRESUPUESTO OFICIAL (Entidad)'!$D$13:$I$46,6,FALSE) -> 539.52
C25: I. EQUIPO
C28: DESCRIPCIÓN | H28: MARCA | J28: TIPO | L28: TARIFA/HORA | M28: RENDIMIENTO | O28: Vr. UNITARIO
C32: SUBTOTAL $ | O32: =SUM(O29:O31) -> 0
C33: II. MATERIALES
C36: DESCRIPCIÓN | K36: UNIDAD | L36: CANTIDAD | M36: PRECIO UNIT. | O36: Vr. UNITARIO
C39: SUBTOTAL $ | O39: =SUM(O37:O38) -> 0
C40: III. TRANSPORTES
C43: MATERIAL | J43: VOL. o PESO | K43: DISTANCIA | L43: M3 o Ton/Km | M43: TARIFA | O43: Vr. UNITARIO
C46: SUBTOTAL $ | O46: =SUM(O44:O45) -> 0
C47: IV. MANO DE OBRA
C50: TRABAJADOR | J50: JORNAL | K50: PRESTACIONES | L50: JORNAL TOTAL | M50: RENDIMIENTO | O50: Vr. UNITARIO
C55: SUBTOTAL $ | O55: =SUM(O51:O54) -> 0
C57: TOTAL COSTO DIRECTO $ | O57: =+O55+O46+O39+O32 -> 0
C58: V. COSTOS INDIRECTOS
C61: Descripción | L61: Porcentaje | M61: Valor Total
C62: ADMINISTRACION | L62: 0.3 | M62: =+O57 -> 0 | O62: =+ROUND(L62*M62,2) -> 0
C63: IMPREVISTOS | L63: 0 | M63: =+O57 -> 0 | O63: =+ROUND(L63*M63,2) -> 0
C64: UTILIDAD | L64: 0.05 | M64: =+O57 -> 0 | O64: =+ROUND(L64*M64,2) -> 0
C65: SUBTOTAL $ | O65: =SUM(O62:O64) -> 0
C67: Precio Unitario Total Aproximado al peso $ | O67: =+O65+O57 -> 0
H71: Firma
H72: Nombre:
H73: Representante Legal del Contratista o su Apoderado
H74: Matricula No. :
C76: OBSERVACIONES INTERVENTORÍA O SUPERVISIÓN
C80: APROBACIÓN POR INTERVENTORÍA O SUPERVISIÓN
C81: Nota 1: Cuando se trate de Análisis de precios unitarios correspondientes a ítems de la propuesta económica aprobada, el interventor o supervisor aprueba el desglose de los componentes manteniendo el mismo precio unitario de cada ítem, cumpliendo con las especificaciones de construcción vigentes para el proyecto.
C83: Nota 2: Cuando se trate de Análisis de precios unitarios de ítems no previstos, el interventor o supervisor aprueba el desglose y precio unitario de cada ítem no previsto, exigiendo la aplicación de los costos correspondientes a insumos y tarifas de la propuesta económica inicial cuando estén contemplados, cumpliendo con las especificaciones de construcción vigente para el proyecto.
H86: Firma
H87: Nombre:
H88: Representante Legal del Interventor o su apoderado o firma del supervisor
H89: Matricula No. :
